Workbook

Sheet GENERAL
C2: CORREGIDO
D4: FONDO GENERAL | E4: ='[1]FONDO GENERAL PUBLICAR'!K52 -> 1774578064
D6: FONDO DE FOMENTO MUNICIPAL | E6: ='[1]FFM PARA PUBLICAR'!H50 -> 716411418
D8: IMPUESTO ESPECIAL SOBRE PRODUCCIÓN Y SERVICIO | E8: ='[1]IEPS PP'!K52 -> 42183496
D10: IMPUESTO SOBRE AUTOMÓVILES NUEVOS | E10: 14654792
D12: FONDO DE COMPENSACIÓN DE IMPUESTO SOBRE AUTOMÓVILES NUEVOS | E12: ='[1]FONDO ISAN PP'!K52 -> 4261418
D14: IMPUESTO FEDERAL SOBRE TENENCIA O USO DE VEHÍCULOS
D15: (DE EJERCICIOS ANTERIORES) | E15: ='[1]TENENCIA PP'!F52 -> 54745
D17: FONDO DE FISCALIZACIÓN Y RECAUDACIÓN | E17: ='[1]FONDO FISCALIZACION PP'!K52 -> 111332302
D19: IEPS SOBRE VENTA DE GASOLINA Y DIESEL | E19: ='[1]IEPS GASOLINA Y DIESEL pp'!G53 -> 67860498
D21: TOTAL | E21: =SUM(E4:E19) -> 2731336733
B26: FEDERACION
D28: FONDO GENERAL | E28: 13198674648
D30: FONDO DE FOMENTO MUNICIPAL | E30: 915553561
D32: IMPUESTO ESPECIAL SOBRE PRODUCCIÓN Y SERVICIO | E32: 299996562
D34: IMPUESTO SOBRE AUTOMÓVILES NUEVOS | E34: 197395927 | F34: *
D36: FONDO DE COMPENSACIÓN DE IMPUESTO SOBRE AUTOMÓVILES NUEVOS | E36: 26869872
D38: IMPUESTO FEDERAL SOBRE TENENCIA O USO DE VEHÍCULOS
D39: (DE EJERCICIOS ANTERIORES) | E39: 0 | F39: *
D41: FONDO DE FISCALIZACIÓN Y RECAUDACIÓN | E41: 757551768
D43: IEPS SOBRE VENTA DE GASOLINA Y DIESEL | E43: 370306321 | F43: *
D45: ISR PARTICIPABLE A MUNICIPIOS (ART. 3-B LCF) | E45: 246542685 | F45: *
D47: ISR ENAJENACIÓN BIENES INMUEBLES (ART. 126 LISR) | E47: 24409719 | F47: *
D49: TOTAL | E49: 16037301063
D50: * Estimación Ley de Ingresos 2025 para el Estado de Durango
B52: ESTADO
D54: FONDO GENERAL | E54: 2639734930
D56: FONDO DE FOMENTO MUNICIPAL | E56: 915553561
D58: IMPUESTO ESPECIAL SOBRE PRODUCCIÓN Y SERVICIO | E58: 59999312
D60: IMPUESTO SOBRE AUTOMÓVILES NUEVOS | E60: 39479185
D62: FONDO DE COMPENSACIÓN DE IMPUESTO SOBRE AUTOMÓVILES NUEVOS | E62: 5373974
D64: IMPUESTO FEDERAL SOBRE TENENCIA O USO DE VEHÍCULOS
D65: (DE EJERCICIOS ANTERIORES) | E65: 0
D67: FONDO DE FISCALIZACIÓN Y RECAUDACIÓN | E67: 151510354
D69: IEPS SOBRE VENTA DE GASOLINA Y DIESEL | E69: 74061264
D71: ISR PARTICIPABLE A MUNICIPIOS (ART. 3-B LCF) | E71: 246542685
D73: ISR ENAJENACIÓN BIENES INMUEBLES (ART. 126 LISR) | E73: 4881944
D75: TOTAL | E75: 4137137209

Sheet FONDO GENERAL PUBLICAR
A2: GOBIERNO DEL ESTADO DE DURANGO
A3: SECRETARÍA DE FINANZAS Y DE ADMINISTRACIÓN
A4: SUBSECRETARÍA DE INGRESOS
A5: FACTORES DE DISTRIBUCIÓN Y CÁLCULO DEL MONTO CORRESPONDIENTE AL FONDO GENERAL DE PARTICIPACIONES MUNICIPALES PARA EL EJERCICIO FISCAL DEL AÑO 2025 ESTIMADO
B7: CE1 | C7: A | D7: CE2 | E7: B | F7: CE3 | G7: C | H7: PI | I7: CE4 | J7: D
D8: COEFICIENTE | F8: COEFICIENTE
B9: COEFICIENTE | D9: FONDO | F9: EFECTIVO | I9: COEFICIENTE
B10: NÚMERO DE | D10: ACUMULADO | F10: FONDO ACUM | H10: PROPORCIÓN | I10: DE LA PROPORCIÓN
B11: HABITANTES | C11: FACTOR 1 | D11: EJ. ANTERIOR | E11: FACTOR 2 | F11: DEL EJERCICIO | G11: FACTOR 3 | H11: INVERSA | I11: INVERSA | J11: FACTOR 4
A12: MUNICIPIO | B12: (FACTOR 1) | C12: 0.4 | D12: (FACTOR 2) | E12: 0.45 | F12: (FACTOR 3) | G12: 0.1275 | H12: DEL SUBTOTAL | I12: (FACTOR 4) | J12: 0.0225 | K12: TOTAL
A13: 01 Canatlán | B13: 1.7163124 | C13: 18122440 | D13: 1.6938706 | E13: 20121162 | F13: 1.7044315 | G13: 5736540 | H13: 2.2737535e-06 | I13: 1.000496 | J13: 594235 | K13: 44574377
A14: 02 Canelas | B14: 0.23577879 | C14: 2489574 | D14: 0.45312247 | E14: 5382554 | F14: 0.35084307 | G14: 1180819 | H14: 1.1046127e-05 | I14: 4.8605119 | J14: 2886854 | K14: 11939801
A15: 03 Coneto de Comonfort | B15: 0.2228467 | C15: 2353025 | D15: 0.44694059 | E15: 5309121 | F15: 0.34148464 | G15: 1149322 | H15: 1.1348847e-05 | I15: 4.9937146 | J15: 2965969 | K15: 11777437
A16: 04 Cuencame | B16: 1.9073473 | C16: 20139565 | D16: 1.868589 | E16: 22196608 | F16: 1.8868282 | G16: 6350426 | H16: 2.0539533e-06 | I16: 0.90377964 | J16: 536791 | K16: 49223390
A17: 05 Durango | B17: 37.579298 | C17: 396797540 | D17: 35.795478 | E17: 425207578 | F17: 36.634923 | G17: 123300768 | H17: 1.0578586e-07 | I17: 0.04654785 | J17: 27648 | K17: 945333534
A18: 06 Simón Bolivar | B18: 0.54773143 | C18: 5783463 | D18: 0.65621404 | E18: 7795040 | F18: 0.60516339 | G18: 2036775 | H18: 6.4039846e-06 | I18: 2.8178785 | J18: 1673652 | K18: 17288930
A19: 07 Gómez Palacio | B19: 20.339399 | C19: 214762490 | D19: 19.343545 | E19: 229778243 | F19: 19.812182 | G19: 66681110 | H19: 1.956098e-07 | I19: 0.086072138 | J19: 51122 | K19: 511272965
A20: 08 Guadalupe Victoria | B20: 2.0022918 | C20: 21142078 | D20: 1.9511595 | E20: 23177448 | F20: 1.9752218 | G20: 6647929 | H20: 1.9620364e-06 | I20: 0.86333439 | J20: 512769 | K20: 51480224
A21: 09 Guanaceví | B21: 0.53850981 | C21: 5686093 | D21: 0.64893859 | E21: 7708616 | F21: 0.59697211 | G21: 2009206 | H21: 6.4918561e-06 | I21: 2.8565437 | J21: 1696617 | K21: 17100532
A22: 10 Hidalgo | B22: 0.20969634 | C22: 2214171 | D22: 0.44082272 | E22: 5236448 | F22: 0.33205736 | G22: 1117593 | H22: 1.1671046e-05 | I22: 5.1354888 | J22: 3050174 | K22: 11618386
A23: 11 Inde | B23: 0.25907838 | C23: 2735593 | D23: 0.46477904 | E23: 5521021 | F23: 0.36797875 | G23: 1238492 | H23: 1.0531741e-05 | I23: 4.6341723 | J23: 2752422 | K23: 12247528
A24: 12 Lerdo | B24: 8.9113033 | C24: 94093914 | D24: 8.4921595 | E24: 100876725 | F24: 8.6894036 | G24: 29245596 | H24: 4.4599803e-07 | I24: 0.19624786 | J24: 116560 | K24: 224332795
... A52: SUMAS | B52: 100 | C52: 1055893972 | D52: 100 | E52: 1187880715 | F52: 100 | G52: 336566206 | H52: 0.00022726262 | I52: 100 | J52: 59394037 | K52: 2639734930

Sheet FFM PARA PUBLICAR
B1: GOBIERNO DEL ESTADO DE DURANGO
B2: SECRETARIA DE FINANZAS Y DE ADMINISTRACIÓN
B3: SUBSECRETARÍA DE INGRESOS
B4: FACTORES DE DISTRIBUCIÓN Y CÁLCULO DEL MONTO CORRESPONDIENTE AL FONDO DE FOMENTO MUNICIPAL
B5: DE PARTICIPACIONES MUNICIPALES PARA EL EJERCICIO FISCAL DEL AÑO 2025 ESTIMADO
B7: MUNICIPIO
C8: PRIMERA PARTE | H8: TOTAL DE
C9: FOMENTO MUNICIPAL | D9: COEFICIENTE EFECTIVO | F9: COEFICIENTE EFECTIVO | H9: FONDO DE FOMENTO
C10: EJERCICIO 2013 | D10: FONDO ACUMULADO 2025 | E10: INCREMENTO | F10: FONDO ACUMULADO 2025 | G10: INCREMENTO | H10: MUNICIPAL
B11: CANATLAN | C11: 10295256 | D11: 1.6885929 | E11: 5299247 | F11: 1.6885929 | G11: 2271106 | H11: 17865609
B12: CANELAS | C12: 2136790 | D12: 0.4523106 | E12: 1419469 | F12: 0.4523106 | G12: 608344 | H12: 4164603
B13: CONETO DE COMONFORT | C13: 2266169 | D13: 0.44615983 | E13: 1400166 | F13: 0.44615983 | G13: 600071 | H13: 4266406
B14: CUENCAME | C14: 10546829 | D14: 1.8647096 | E14: 5851947 | F14: 1.8647096 | G14: 2507977 | H14: 18906753
B15: DURANGO | C15: 150641379 | D15: 35.811684 | E15: 112386437 | F15: 35.811684 | G15: 48165616 | H15: 311193432
B16: SIMON BOLIVAR | C16: 3929526 | D16: 0.65494947 | E16: 2055403 | F16: 0.65494947 | G16: 880887 | H16: 6865816
B17: GOMEZ PALACIO | C17: 84679479 | D17: 19.368345 | E17: 60782935 | F17: 19.368345 | G17: 26049829 | H17: 171512243
B18: GUADALUPE VICTORIA | C18: 10229210 | D18: 1.9502043 | E18: 6120251 | F18: 1.9502043 | G18: 2622965 | H18: 18972426
B19: GUANACEVI | C19: 3843861 | D19: 0.64781247 | E19: 2033005 | F19: 0.64781247 | G19: 871288 | H19: 6748154
B20: HIDALGO | C20: 2244534 | D20: 0.44013457 | E20: 1381257 | F20: 0.44013457 | G20: 591967 | H20: 4217758
B21: INDE | C21: 2574169 | D21: 0.4639681 | E21: 1456053 | F21: 0.4639681 | G21: 624023 | H21: 4654245
B22: LERDO | C22: 35115634 | D22: 8.4983076 | E22: 26669914 | F22: 8.4983076 | G22: 11429963 | H22: 73215511
... B50: SUMAS | C50: 467230459 | D50: 100 | E50: 313826169 | F50: 100 | G50: 134496933 | H50: 915553561

Sheet BASE 2013 FFM
D3: FONDO DE FOMENTO MUNICIPAL: PRIMERA PARTE-EJERCICIO 2013
D5: MUNICIPIO | E5: 41275 | F5: 41306 | G5: 41334 | H5: 41365 | I5: 41395 | J5: 41426 | K5: 41456 | L5: 41487 | M5: 41518 | N5: 41548 | O5: 41579 | P5: 41609 | Q5: 1o. AJUSTE 2013 | R5: 2o. AJUSTE 2013 | S5: 3o. AJUSTE 2013 | T5: AJUSTE DEFINITVO 2013 | U5: TOTAL 2013 | V5: BASE MENSUAL | W5: BASE CUATRIMESTRAL
D6: 01 Canatlán | E6: 824140.02 | F6: 912150.24 | G6: 863586.55 | H6: 825909.34 | I6: 842384.78 | J6: 838159.62 | K6: 858096.94 | L6: 850753.01 | M6: 856155.71 | N6: 859990.23 | O6: 787878.77 | P6: 847779.52 | Q6: 18693.878 | R6: 26913.338 | S6: 62001.29 | T6: 20662.909 | U6: 10295256 | V6: 857938 | W6: =+V6*4 -> 3431752
D7: 02 Canelas | E7: 174872.29 | F7: 184704.66 | G7: 184518.79 | H7: 174697.97 | I7: 170365.39 | J7: 177812.92 | K7: 182915.29 | L7: 178235.69 | M7: 179267.21 | N7: 180377.49 | O7: 158563.27 | P7: 175742.02 | Q7: -3244.5219 | R7: 10659.507 | S7: 14311.765 | T7: -7009.605 | U7: 2136790.1 | V7: 178066 | W7: =+V7*4 -> 712264
D8: 03 Coneto de Comonfort | E8: 184500.38 | F8: 196797.09 | G8: 194484.29 | H8: 184168.62 | I8: 181430.35 | J8: 187425.14 | K8: 192643.24 | L8: 188716.16 | M8: 189688.85 | N8: 190979.85 | O8: 169713.08 | P8: 186713.66 | Q8: -1979.2954 | R8: 10417.185 | S8: 14900.82 | T8: -4430.1212 | U8: 2266169.3 | V8: 188847 | W8: =+V8*4 -> 755388
D9: 04 Cuencame | E9: 848229.42 | F9: 930685.31 | G9: 889094.09 | H9: 846921.75 | I9: 857374.62 | J9: 860374.77 | K9: 881724.51 | L9: 873233.6 | M9: 877887.56 | N9: 883048.12 | O9: 805160.81 | P9: 869571.57 | Q9: 9938.427 | R9: 33478.79 | S9: 65674.198 | T9: 14431.008 | U9: 10546829 | V9: 878902 | W9: =+V9*4 -> 3515608
D10: 05 Durango | E10: 12280331 | F10: 13106859 | G10: 12902600 | H10: 12046838 | I10: 11943495 | J10: 12314893 | K10: 12665420 | L10: 12583556 | M10: 12561233 | N10: 12715418 | O10: 11479718 | P10: 12503402 | Q10: -323118.92 | R10: 797832.3 | S10: 1060778.2 | T10: 2125.4071 | U10: 1.5064138e+08 | V10: 12553449 | W10: =+V10*4 -> 50213796
D11: 06 Simón Bolivar | E11: 314482.98 | F11: 346757.44 | G11: 330704.63 | H11: 315814.48 | I11: 321304.64 | J11: 320916.52 | K11: 328716.68 | L11: 325218.02 | M11: 327241.76 | N11: 328439.63 | O11: 299155.8 | P11: 323069.32 | Q11: 7600.8131 | R11: 10810.953 | S11: 23682.076 | T11: 5610.2353 | U11: 3929526 | V11: 327460 | W11: =+V11*4 -> 1309840
D12: 07 Gómez Palacio | E12: 6934821.8 | F12: 7365599.4 | G12: 7262435 | H12: 6756876.5 | I12: 6668375.9 | J12: 6908894.5 | K12: 7109727.4 | L12: 7076000.6 | M12: 7055185.3 | N12: 7162033.8 | O12: 6481599.7 | P12: 7054589.8 | Q12: -267160.91 | R12: 488620.3 | S12: 614238.22 | T12: 7641.9022 | U12: 84679479 | V12: 7056623 | W12: =+V12*4 -> 28226492
D13: 08 Guadalupe Victoria | E13: 826637.61 | F13: 899491.01 | G13: 866076.2 | H13: 820535.36 | I13: 825069.9 | J13: 834681.28 | K13: 856271.04 | L13: 848697.76 | M13: 851696.57 | N13: 858680.83 | O13: 781278.43 | P13: 845611.62 | Q13: -971.23062 | R13: 39044.447 | S13: 66221.9 | T13: 10187.592 | U13: 10229210 | V13: 852434 | W13: =+V13*4 -> 3409736
D14: 09 Guanaceví | E14: 310376.03 | F14: 338486.57 | G14: 324909.29 | H14: 310233.11 | I14: 311567.4 | J14: 314695.83 | K14: 322612.8 | L14: 317891.46 | M14: 320285.45 | N14: 322381.06 | O14: 292442.52 | P14: 317171.35 | Q14: 1903.8494 | R14: 13041.042 | S14: 23921.673 | T14: 1941.6949 | U14: 3843861.1 | V14: 320322 | W14: =+V14*4 -> 1281288
D15: 10 Hidalgo | E15: 182780.36 | F15: 194878.97 | G15: 192659.6 | H15: 182871.82 | I15: 179972.47 | J15: 186073.27 | K15: 191221.61 | L15: 186788.14 | M15: 187988.39 | N15: 189086.78 | O15: 167551.1 | P15: 184653.31 | Q15: -1531.3241 | R15: 10049.09 | S15: 14641.26 | T15: -5151.155 | U15: 2244533.7 | V15: 187044 | W15: =+V15*4 -> 748176
D16: 11 Inde | E16: 207202.4 | F16: 225110.56 | G16: 218605.58 | H16: 208927.77 | I16: 209557.1 | J16: 212632.62 | K16: 218091.72 | L16: 213417.61 | M16: 215194.71 | N16: 215687.16 | O16: 192923.52 | P16: 210911.02 | Q16: 4053.2786 | R16: 8271.5401 | S16: 15714.251 | T16: -2131.5838 | U16: 2574169.3 | V16: 214514 | W16: =+V16*4 -> 858056
D17: 12 Lerdo | E17: 2883730.9 | F17: 3046135.5 | G17: 3020710.9 | H17: 2794118.7 | I17: 2747639.5 | J17: 2862134 | K17: 2947691.8 | L17: 2940984 | M17: 2925437.4 | N17: 2975503.1 | O17: 2692560.4 | P17: 2932155.6 | Q17: -137906.67 | R17: 220858.24 | S17: 262344.63 | T17: 1536.084 | U17: 35115634 | V17: 2926303 | W17: =+V17*4 -> 11705212
... D44: 39 Nuevo Ideal | E44: 677252.03 | F44: 746802.79 | G44: 710728.16 | H44: 679252.82 | I44: 690480.27 | J44: 689623.03 | K44: 706308.24 | L44: 698935.07 | M44: 703441.95 | N44: 706375.7 | O44: 644324.64 | P44: 695325.02 | Q44: 14247.51 | R44: 23401.048 | S44: 51158.246 | T44: 12737.749 | U44: 8450394.3 | V44: 704200 | W44: =+V44*4 -> 2816800
E45: 37972647 | F45: 40823338 | G45: 39842240 | H45: 37440065 | I45: 37301619 | J45: 38188758 | K45: 39236472 | L45: 38914812 | M45: 38942505 | N45: 39353529 | O45: 35613430 | P45: 38711452 | Q45: -628408 | R45: 2195751 | S45: 3181451 | T45: 140798 | U45: 4.6723046e+08 | V45: 38935872 | W45: =SUM(W6:W44) -> 155743488
D48: FONDO DE FOMENTO MUNICIPAL: PRIMERA PARTE-EJERCICIO 2013-PARTE 1
D50: MUNICIPIO | E50: 41275 | F50: 41306 | G50: 41334 | H50: 41365 | I50: 41395 | J50: 41426 | K50: 41456 | L50: 41487 | M50: 41518 | N50: 41548
D51: =+D6 -> 01 Canatlán | E51: =+E6 -> 824140.02 | F51: =+F6 -> 912150.24 | G51: =+G6 -> 863586.55 | H51: =+H6 -> 825909.34 | I51: =+I6 -> 842384.78 | J51: =+J6 -> 838159.62 | K51: =+K6 -> 858096.94 | ... N51: =+N6 -> 859990.23
D52: =+D7 -> 02 Canelas | E52: =+E7 -> 174872.29 | F52: =+F7 -> 184704.66 | G52: =+G7 -> 184518.79 | H52: =+H7 -> 174697.97 | I52: =+I7 -> 170365.39 | J52: =+J7 -> 177812.92 | K52: =+K7 -> 182915.29 | ... N52: =+N7 -> 180377.49
D53: =+D8 -> 03 Coneto de Comonfort | E53: =+E8 -> 184500.38 | F53: =+F8 -> 196797.09 | G53: =+G8 -> 194484.29 | H53: =+H8 -> 184168.62 | I53: =+I8 -> 181430.35 | J53: =+J8 -> 187425.14 | K53: =+K8 -> 192643.24 | ... N53: =+N8 -> 190979.85
D54: =+D9 -> 04 Cuencame | E54: =+E9 -> 848229.42 | F54: =+F9 -> 930685.31 | G54: =+G9 -> 889094.09 | H54: =+H9 -> 846921.75 | I54: =+I9 -> 857374.62 | J54: =+J9 -> 860374.77 | K54: =+K9 -> 881724.51 | ... N54: =+N9 -> 883048.12
D55: =+D10 -> 05 Durango | E55: =+E10 -> 12280331 | F55: =+F10 -> 13106859 | G55: =+G10 -> 12902600 | H55: =+H10 -> 12046838 | I55: =+I10 -> 11943495 | J55: =+J10 -> 12314893 | K55: =+K10 -> 12665420 | ... N55: =+N10 -> 12715418
D56: =+D11 -> 06 Simón Bolivar | E56: =+E11 -> 314482.98 | F56: =+F11 -> 346757.44 | G56: =+G11 -> 330704.63 | H56: =+H11 -> 315814.48 | I56: =+I11 -> 321304.64 | J56: =+J11 -> 320916.52 | K56: =+K11 -> 328716.68 | ... N56: =+N11 -> 328439.63
D57: =+D12 -> 07 Gómez Palacio | E57: =+E12 -> 6934821.8 | F57: =+F12 -> 7365599.4 | G57: =+G12 -> 7262435 | H57: =+H12 -> 6756876.5 | I57: =+I12 -> 6668375.9 | J57: =+J12 -> 6908894.5 | K57: =+K12 -> 7109727.4 | ... N57: =+N12 -> 7162033.8
D58: =+D13 -> 08 Guadalupe Victoria | E58: =+E13 -> 826637.61 | F58: =+F13 -> 899491.01 | G58: =+G13 -> 866076.2 | H58: =+H13 -> 820535.36 | I58: =+I13 -> 825069.9 | J58: =+J13 -> 834681.28 | K58: =+K13 -> 856271.04 | ... N58: =+N13 -> 858680.83
D59: =+D14 -> 09 Guanaceví | E59: =+E14 -> 310376.03 | F59: =+F14 -> 338486.57 | G59: =+G14 -> 324909.29 | H59: =+H14 -> 310233.11 | I59: =+I14 -> 311567.4 | J59: =+J14 -> 314695.83 | K59: =+K14 -> 322612.8 | ... N59: =+N14 -> 322381.06
D60: =+D15 -> 10 Hidalgo | E60: =+E15 -> 182780.36 | F60: =+F15 -> 194878.97 | G60: =+G15 -> 192659.6 | H60: =+H15 -> 182871.82 | I60: =+I15 -> 179972.47 | J60: =+J15 -> 186073.27 | K60: =+K15 -> 191221.61 | ... N60: =+N15 -> 189086.78
D61: =+D16 -> 11 Inde | E61: =+E16 -> 207202.4 | F61: =+F16 -> 225110.56 | G61: =+G16 -> 218605.58 | H61: =+H16 -> 208927.77 | I61: =+I16 -> 209557.1 | J61: =+J16 -> 212632.62 | K61: =+K16 -> 218091.72 | ... N61: =+N16 -> 215687.16
D62: =+D17 -> 12 Lerdo | E62: =+E17 -> 2883730.9 | F62: =+F17 -> 3046135.5 | G62: =+G17 -> 3020710.9 | H62: =+H17 -> 2794118.7 | I62: =+I17 -> 2747639.5 | J62: =+J17 -> 2862134 | K62: =+K17 -> 2947691.8 | ... N62: =+N17 -> 2975503.1
... D89: =+D44 -> 39 Nuevo Ideal | E89: =+E44 -> 677252.03 | F89: =+F44 -> 746802.79 | G89: =+G44 -> 710728.16 | H89: =+H44 -> 679252.82 | I89: =+I44 -> 690480.27 | J89: =+J44 -> 689623.03 | K89: =+K44 -> 706308.24 | ... N89: =+N44 -> 706375.7
D90: Total | E90: =SUM(E51:E89) -> 37972647 | F90: =SUM(F51:F89) -> 40823338 | G90: =SUM(G51:G89) -> 39842240 | H90: =SUM(H51:H89) -> 37440065 | I90: =SUM(I51:I89) -> 37301619 | J90: =SUM(J51:J89) -> 38188758 | K90: =SUM(K51:K89) -> 39236472 | L90: =SUM(L51:L89) -> 38914812 | ... N90: =SUM(N51:N89) -> 39353529
D93: FONDO DE FOMENTO MUNICIPAL: PRIMERA PARTE-EJERCICIO 2013-PARTE 2
D95: MUNICIPIO | E95: 41579 | F95: 41609 | G95: 1o. AJUSTE 2013 | H95: 2o. AJUSTE 2013 | I95: 3o. AJUSTE 2013 | J95: AJUSTE DEFINITVO 2013 | K95: TOTAL 2013 | L95: BASE MENSUAL | M95: BASE CUATRIMESTRAL
D96: =+D51 -> 01 Canatlán | E96: =+O6 -> 787878.77 | F96: =+P6 -> 847779.52 | G96: =+Q6 -> 18693.878 | H96: =+R6 -> 26913.338 | I96: =+S6 -> 62001.29 | J96: =+T6 -> 20662.909 | K96: =+U6 -> 10295256 | L96: =+V6 -> 857938 | M96: =+W6 -> 3431752
D97: =+D52 -> 02 Canelas | E97: =+O7 -> 158563.27 | F97: =+P7 -> 175742.02 | G97: =+Q7 -> -3244.5219 | H97: =+R7 -> 10659.507 | I97: =+S7 -> 14311.765 | J97: =+T7 -> -7009.605 | K97: =+U7 -> 2136790.1 | L97: =+V7 -> 178066 | M97: =+W7 -> 712264
D98: =+D53 -> 03 Coneto de Comonfort | E98: =+O8 -> 169713.08 | F98: =+P8 -> 186713.66 | G98: =+Q8 -> -1979.2954 | H98: =+R8 -> 10417.185 | I98: =+S8 -> 14900.82 | J98: =+T8 -> -4430.1212 | K98: =+U8 -> 2266169.3 | L98: =+V8 -> 188847 | M98: =+W8 -> 755388
D99: =+D54 -> 04 Cuencame | E99: =+O9 -> 805160.81 | F99: =+P9 -> 869571.57 | G99: =+Q9 -> 9938.427 | H99: =+R9 -> 33478.79 | I99: =+S9 -> 65674.198 | J99: =+T9 -> 14431.008 | K99: =+U9 -> 10546829 | L99: =+V9 -> 878902 | M99: =+W9 -> 3515608
D100: =+D55 -> 05 Durango | E100: =+O10 -> 11479718 | F100: =+P10 -> 12503402 | G100: =+Q10 -> -323118.92 | H100: =+R10 -> 797832.3 | I100: =+S10 -> 1060778.2 | J100: =+T10 -> 2125.4071 | K100: =+U10 -> 1.5064138e+08 | L100: =+V10 -> 12553449 | M100: =+W10 -> 50213796
D101: =+D56 -> 06 Simón Bolivar | E101: =+O11 -> 299155.8 | F101: =+P11 -> 323069.32 | G101: =+Q11 -> 7600.8131 | H101: =+R11 -> 10810.953 | I101: =+S11 -> 23682.076 | J101: =+T11 -> 5610.2353 | K101: =+U11 -> 3929526 | L101: =+V11 -> 327460 | M101: =+W11 -> 1309840
D102: =+D57 -> 07 Gómez Palacio | E102: =+O12 -> 6481599.7 | F102: =+P12 -> 7054589.8 | G102: =+Q12 -> -267160.91 | H102: =+R12 -> 488620.3 | I102: =+S12 -> 614238.22 | J102: =+T12 -> 7641.9022 | K102: =+U12 -> 84679479 | L102: =+V12 -> 7056623 | M102: =+W12 -> 28226492
D103: =+D58 -> 08 Guadalupe Victoria | E103: =+O13 -> 781278.43 | F103: =+P13 -> 845611.62 | G103: =+Q13 -> -971.23062 | H103: =+R13 -> 39044.447 | I103: =+S13 -> 66221.9 | J103: =+T13 -> 10187.592 | K103: =+U13 -> 10229210 | L103: =+V13 -> 852434 | M103: =+W13 -> 3409736
D104: =+D59 -> 09 Guanaceví | E104: =+O14 -> 292442.52 | F104: =+P14 -> 317171.35 | G104: =+Q14 -> 1903.8494 | H104: =+R14 -> 13041.042 | I104: =+S14 -> 23921.673 | J104: =+T14 -> 1941.6949 | K104: =+U14 -> 3843861.1 | L104: =+V14 -> 320322 | M104: =+W14 -> 1281288
D105: =+D60 -> 10 Hidalgo | E105: =+O15 -> 167551.1 | F105: =+P15 -> 184653.31 | G105: =+Q15 -> -1531.3241 | H105: =+R15 -> 10049.09 | I105: =+S15 -> 14641.26 | J105: =+T15 -> -5151.155 | K105: =+U15 -> 2244533.7 | L105: =+V15 -> 187044 | M105: =+W15 -> 748176
D106: =+D61 -> 11 Inde | E106: =+O16 -> 192923.52 | F106: =+P16 -> 210911.02 | G106: =+Q16 -> 4053.2786 | H106: =+R16 -> 8271.5401 | I106: =+S16 -> 15714.251 | J106: =+T16 -> -2131.5838 | K106: =+U16 -> 2574169.3 | L106: =+V16 -> 214514 | M106: =+W16 -> 858056
D107: =+D62 -> 12 Lerdo | E107: =+O17 -> 2692560.4 | F107: =+P17 -> 2932155.6 | G107: =+Q17 -> -137906.67 | H107: =+R17 -> 220858.24 | I107: =+S17 -> 262344.63 | J107: =+T17 -> 1536.084 | K107: =+U17 -> 35115634 | L107: =+V17 -> 2926303 | M107: =+W17 -> 11705212
... D134: =+D89 -> 39 Nuevo Ideal | E134: =+O44 -> 644324.64 | F134: =+P44 -> 695325.02 | G134: =+Q44 -> 14247.51 | H134: =+R44 -> 23401.048 | I134: =+S44 -> 51158.246 | J134: =+T44 -> 12737.749 | K134: =+U44 -> 8450394.3 | L134: =+V44 -> 704200 | M134: =+W44 -> 2816800
D135: Total | E135: =SUM(E96:E134) -> 35613430 | F135: =SUM(F96:F134) -> 38711452 | G135: =SUM(G96:G134) -> -628408 | H135: =SUM(H96:H134) -> 2195751 | I135: =SUM(I96:I134) -> 3181451 | J135: =SUM(J96:J134) -> 140798 | K135: =SUM(K96:K134) -> 4.6723046e+08 | L135: =SUM(L96:L134) -> 38935872 | M135: =SUM(M96:M134) -> 155743488

Sheet IEPS PP
A2: GOBIERNO DEL ESTADO DE DURANGO
A3: SECRETARÍA DE FINANZAS Y DE ADMINISTRACIÓN
A4: SUBSECRETARÍA DE INGRESOS
A5: FACTORES DE DISTRIBUCIÓN Y CÁLCULO DEL MONTO CORRESPONDIENTE AL IMPUESTO ESPECIAL SOBRE PRODUCCIÓN Y SERVICIO DE PARTICIPACIONES MUNICIPALES PARA EL EJERCICIO FISCAL DEL AÑO 2025 ESTIMADO
B7: CE1 | C7: A | D7: CE2 | E7: B | F7: CE3 | G7: C | H7: PI | I7: CE4 | J7: D
D8: COEFICIENTE | F8: COEFICIENTE
B9: COEFICIENTE | D9: FONDO | F9: EFECTIVO | I9: COEFICIENTE
B10: NÚMERO DE | D10: ACUMULADO | F10: FONDO ACUM | H10: PROPORCIÓN | I10: DE LA PROPORCIÓN
B11: HABITANTES | C11: FACTOR 1 | D11: EJ. ANTERIOR | E11: FACTOR 2 | F11: DEL EJERCICIO | G11: FACTOR 3 | H11: INVERSA | I11: INVERSA | J11: FACTOR 4
A12: MUNICIPIO | B12: (FACTOR 1) | C12: 0.4 | D12: (FACTOR 2) | E12: 0.45 | F12: (FACTOR 3) | G12: 0.1275 | H12: DEL SUBTOTAL | I12: (FACTOR 4) | J12: 0.0225 | K12: TOTAL
A13: 01 Canatlán | B13: 1.7163124 | C13: 411910 | D13: 1.6938706 | E13: 457340 | F13: 1.7044314 | G13: 130388 | H13: 0.00010003621 | I13: 1.0004948 | J13: 13507 | K13: 1013145
A14: 02 Canelas | B14: 0.23577879 | C14: 56586 | D14: 0.45312247 | E14: 122342 | F14: 0.35084327 | G14: 26839 | H14: 0.00048598658 | I14: 4.8605101 | J14: 65616 | K14: 271383
A15: 03 Coneto de Comonfort | B15: 0.2228467 | C15: 53483 | D15: 0.44694059 | E15: 120673 | F15: 0.3414863 | G15: 26123 | H15: 0.00049930347 | I15: 4.9936967 | J15: 67414 | K15: 267693
A16: 04 Cuencame | B16: 1.9073473 | C16: 457758 | D16: 1.868589 | E16: 504513 | F16: 1.8868277 | G16: 144341 | H16: 9.036591e-05 | I16: 0.9037789 | J16: 12201 | K16: 1118813
A17: 05 Durango | B17: 37.579298 | C17: 9018928 | D17: 35.795478 | E17: 9664668 | F17: 36.634925 | G17: 2802540 | H17: 4.654164e-06 | I17: 0.04654781 | J17: 632 | K17: 21486770
A18: 06 Simón Bolivar | B18: 0.54773143 | C18: 131454 | D18: 0.65621404 | E18: 177176 | F18: 0.60516385 | G18: 46295 | H18: 0.00028174967 | I18: 2.8178702 | J18: 38041 | K18: 392966
A19: 07 Gómez Palacio | B19: 20.339399 | C19: 4881400 | D19: 19.343545 | E19: 5222697 | F19: 19.812184 | G19: 1515615 | H19: 8.6060653e-06 | I19: 0.086072063 | J19: 1162 | K19: 11620874
A20: 08 Guadalupe Victoria | B20: 2.0022918 | C20: 480545 | D20: 1.9511595 | E20: 526807 | F20: 1.9752228 | G20: 151103 | H20: 8.6321868e-05 | I20: 0.86333313 | J20: 11655 | K20: 1170110
A21: 09 Guanaceví | B21: 0.53850981 | C21: 129241 | D21: 0.64893859 | E21: 175211 | F21: 0.5969716 | G21: 45668 | H21: 0.00028561636 | I21: 2.8565423 | J21: 38563 | K21: 388683
A22: 10 Hidalgo | B22: 0.20969634 | C22: 50327 | D22: 0.44082272 | E22: 119021 | F22: 0.33205874 | G22: 25402 | H22: 0.00051347882 | I22: 5.135469 | J22: 69328 | K22: 264078
A23: 11 Inde | B23: 0.25907838 | C23: 62178 | D23: 0.46477904 | E23: 125489 | F23: 0.36797876 | G23: 28150 | H23: 0.00046335553 | I23: 4.6341696 | J23: 62561 | K23: 278378
A24: 12 Lerdo | B24: 8.9113033 | C24: 2138688 | D24: 8.4921595 | E24: 2292857 | F24: 8.6894043 | G24: 664732 | H24: 1.9622167e-05 | I24: 0.19624769 | J24: 2649 | K24: 5098926
... A52: SUMAS | B52: 100 | C52: 23999722 | D52: 100 | E52: 26999689 | F52: 100 | G52: 7649912 | H52: 0.0099986744 | I52: 100 | J52: 1349987 | K52: 59999312

Sheet ISAN PP
A2: GOBIERNO DEL ESTADO DE DURANGO
A3: SECRETARÍA DE FINANZAS Y DE ADMINISTRACIÓN
A4: SUBSECRETARÍA DE INGRESOS
A5: FACTORES DE DISTRIBUCIÓN Y CÁLCULO DEL MONTO CORRESPONDIENTE AL IMPUESTO SOBRE AUTOMÓVILES NUEVOS DE PARTICIPACIONES MUNICIPALES PARA EL EJERCICIO FISCAL DEL AÑO 2025 ESTIMADO
B7: CE1 | C7: A | D7: CE2 | E7: B | F7: CE3 | G7: C | H7: PI | I7: CE4 | J7: D
D8: COEFICIENTE | F8: COEFICIENTE
B9: COEFICIENTE | D9: FONDO | F9: EFECTIVO | I9: COEFICIENTE
B10: NÚMERO DE | D10: ACUMULADO | F10: FONDO ACUM | H10: PROPORCIÓN | I10: DE LA PROPORCIÓN
B11: HABITANTES | C11: FACTOR 1 | D11: EJ. ANTERIOR | E11: FACTOR 2 | F11: DEL EJERCICIO | G11: FACTOR 3 | H11: INVERSA | I11: INVERSA | J11: FACTOR 4
A12: MUNICIPIO | B12: (FACTOR 1) | C12: 0.4 | D12: (FACTOR 2) | E12: 0.45 | F12: (FACTOR 3) | G12: 0.1275 | H12: DEL SUBTOTAL | I12: (FACTOR 4) | J12: 0.0225 | K12: TOTAL
A13: 01 Canatlán | B13: 1.7163124 | C13: 271034 | D13: 1.6938706 | E13: 300927 | F13: 1.7044306 | G13: 85794 | H13: 0.00015203229 | I13: 1.0004969 | J13: 8887 | K13: 666642
A14: 02 Canelas | B14: 0.23577879 | C14: 37233 | D14: 0.45312247 | E14: 80500 | F14: 0.35084162 | G14: 17660 | H14: 0.00073859062 | I14: 4.8605306 | J14: 43175 | K14: 178568
A15: 03 Coneto de Comonfort | B15: 0.2228467 | C15: 35191 | D15: 0.44694059 | E15: 79402 | F15: 0.34148449 | G15: 17189 | H15: 0.00075882898 | I15: 4.9937155 | J15: 44358 | K15: 176140
A16: 04 Cuencame | B16: 1.9073473 | C16: 301202 | D16: 1.868589 | E16: 331967 | F16: 1.886829 | G16: 94975 | H16: 0.00013733547 | I16: 0.90377977 | J16: 8028 | K16: 736172
A17: 05 Durango | B17: 37.579298 | C17: 5934400 | D17: 35.795478 | E17: 6359293 | F17: 36.634921 | G17: 1844054 | H17: 7.0732628e-06 | I17: 0.046547856 | J17: 415 | K17: 14138159
A18: 06 Simón Bolivar | B18: 0.54773143 | C18: 86496 | D18: 0.65621404 | E18: 116581 | F18: 0.60516477 | G18: 30462 | H18: 0.00042819401 | I18: 2.8178669 | J18: 25030 | K18: 258569
A19: 07 Gómez Palacio | B19: 20.339399 | C19: 3211932 | D19: 19.343545 | E19: 3436503 | F19: 19.812183 | G19: 997265 | H19: 1.3079247e-05 | I19: 0.086072147 | J19: 765 | K19: 7646465
A20: 08 Guadalupe Victoria | B20: 2.0022918 | C20: 316195 | D20: 1.9511595 | E20: 346636 | F20: 1.9752211 | G20: 99425 | H20: 0.00013118952 | I20: 0.86333439 | J20: 7669 | K20: 769925
A21: 09 Guanaceví | B21: 0.53850981 | C21: 85040 | D21: 0.64893859 | E21: 115288 | F21: 0.59697281 | G21: 30049 | H21: 0.00043407111 | I21: 2.856543 | J21: 25374 | K21: 255751
A22: 10 Hidalgo | B22: 0.20969634 | C22: 33115 | D22: 0.44082272 | E22: 78315 | F22: 0.33205883 | G22: 16715 | H22: 0.00078036599 | I22: 5.1354467 | J22: 45617 | K22: 173762
A23: 11 Inde | B23: 0.25907838 | C23: 40913 | D23: 0.46477904 | E23: 82571 | F23: 0.36797947 | G23: 18523 | H23: 0.00070419064 | I23: 4.6341505 | J23: 41164 | K23: 183171
A24: 12 Lerdo | B24: 8.9113033 | C24: 1407244 | D24: 8.4921595 | E24: 1508686 | F24: 8.6894041 | G24: 437390 | H24: 2.9821192e-05 | I24: 0.19624784 | J24: 1743 | K24: 3355063
... A52: SUMAS | B52: 100 | C52: 15791673 | D52: 100 | E52: 17765634 | F52: 100 | G52: 5033599 | H52: 0.015195679 | I52: 100 | J52: 888282 | K52: 39479185

Sheet FONDO ISAN PP
A2: GOBIERNO DEL ESTADO DE DURANGO
A3: SECRETARÍA DE FINANZAS Y DE ADMINISTRACIÓN
A4: SUBSECRETARÍA DE INGRESOS
A5: FACTORES DE DISTRIBUCIÓN Y CÁLCULO DEL MONTO CORRESPONDIENTE AL FONDO DE COMPENSACIÓN DE IMPUESTO SOBRE AUTOMÓVILES NUEVOS DE PARTICIPACIONES MUNICIPALES PARA EL EJERCICIO FISCAL DEL AÑO 2025 ESTIMADO
B7: CE1 | C7: A | D7: CE2 | E7: B | F7: CE3 | G7: C | H7: PI | I7: CE4 | J7: D
D8: COEFICIENTE | F8: COEFICIENTE
B9: COEFICIENTE | D9: FONDO | F9: EFECTIVO | I9: COEFICIENTE
B10: NÚMERO DE | D10: ACUMULADO | F10: FONDO ACUM | H10: PROPORCIÓN | I10: DE LA PROPORCIÓN
B11: HABITANTES | C11: FACTOR 1 | D11: EJ. ANTERIOR | E11: FACTOR 2 | F11: DEL EJERCICIO | G11: FACTOR 3 | H11: INVERSA | I11: INVERSA | J11: FACTOR 4
A12: MUNICIPIO | B12: (FACTOR 1) | C12: 0.4 | D12: (FACTOR 2) | E12: 0.45 | F12: (FACTOR 3) | G12: 0.1275 | H12: DEL SUBTOTAL | I12: (FACTOR 4) | J12: 0.0225 | K12: TOTAL
A13: 01 Canatlán | B13: 1.7163124 | C13: 36894 | D13: 1.6938706 | E13: 40963 | F13: 1.7044446 | G13: 11679 | H13: 0.0011168692 | I13: 1.0004833 | J13: 1210 | K13: 90746
A14: 02 Canelas | B14: 0.23577879 | C14: 5068 | D14: 0.45312247 | E14: 10958 | F14: 0.35084101 | G14: 2404 | H14: 0.005425936 | I14: 4.8605138 | J14: 5877 | K14: 24307
A15: 03 Coneto de Comonfort | B15: 0.2228467 | C15: 4790 | D15: 0.44694059 | E15: 10808 | F15: 0.34147124 | G15: 2340 | H15: 0.0055747575 | I15: 4.9938271 | J15: 6038 | K15: 23976
A16: 04 Cuencame | B16: 1.9073473 | C16: 41000 | D16: 1.868589 | E16: 45188 | F16: 1.8868267 | G16: 12928 | H16: 0.0010089188 | I16: 0.90378213 | J16: 1093 | K16: 100209
A17: 05 Durango | B17: 37.579298 | C17: 807801 | D17: 35.795478 | E17: 865638 | F17: 36.634908 | G17: 251016 | H17: 5.1962763e-05 | I17: 0.046547864 | J17: 55 | K17: 1924510
A18: 06 Simón Bolivar | B18: 0.54773143 | C18: 11774 | D18: 0.65621404 | E18: 15869 | F18: 0.60516025 | G18: 4146 | H18: 0.0031457422 | I18: 2.8179329 | J18: 3407 | K18: 35196
A19: 07 Gómez Palacio | B19: 20.339399 | C19: 437214 | D19: 19.343545 | E19: 467783 | F19: 19.812184 | G19: 135749 | H19: 9.6084924e-05 | I19: 0.086072173 | J19: 104 | K19: 1040850
A20: 08 Guadalupe Victoria | B20: 2.0022918 | C20: 43041 | D20: 1.9511595 | E20: 47185 | F20: 1.9752266 | G20: 13534 | H20: 0.00096376253 | I20: 0.86333143 | J20: 1044 | K20: 104804
A21: 09 Guanaceví | B21: 0.53850981 | C21: 11576 | D21: 0.64893859 | E21: 15693 | F21: 0.59697264 | G21: 4090 | H21: 0.0031888772 | I21: 2.8565729 | J21: 3454 | K21: 34813
A22: 10 Hidalgo | B22: 0.20969634 | C22: 4508 | D22: 0.44082272 | E22: 10660 | F22: 0.33205769 | G22: 2275 | H22: 0.0057329588 | I22: 5.1355426 | J22: 6210 | K22: 23653
A23: 11 Inde | B23: 0.25907838 | C23: 5569 | D23: 0.46477904 | E23: 11240 | F23: 0.36798244 | G23: 2521 | H23: 0.0051733057 | I23: 4.6342095 | J23: 5603 | K23: 24933
A24: 12 Lerdo | B24: 8.9113033 | C24: 191556 | D24: 8.4921595 | E24: 205365 | F24: 8.6893901 | G24: 59538 | H24: 0.00021907773 | I24: 0.19624823 | J24: 237 | K24: 456696
... A52: SUMAS | B52: 100 | C52: 2149591 | D52: 100 | E52: 2418290 | F52: 100 | G52: 685180 | H52: 0.11163297 | I52: 100 | J52: 120913 | K52: 5373974

Sheet FONDO FISCALIZACION PP
A2: GOBIERNO DEL ESTADO DE DURANGO
A3: SECRETARÍA DE FINANZAS Y DE ADMINISTRACIÓN
A4: GOBIERNO DEL ESTADO DE DURANGO
A5: FACTORES DE DISTRIBUCIÓN Y CÁLCULO DEL MONTO CORRESPONDIENTE AL FONDO DE FISCALIZACIÓN Y RECAUDACIÓN DE PARTICIPACIONES MUNICIPALES PARA EL EJERCICIO FISCAL DEL AÑO 2025 ESTIMADO
B7: CE1 | C7: A | D7: CE2 | E7: B | F7: CE3 | G7: C | H7: PI | I7: CE4 | J7: D
D8: COEFICIENTE | F8: COEFICIENTE
B9: COEFICIENTE | D9: FONDO | F9: EFECTIVO | I9: COEFICIENTE
B10: NÚMERO DE | D10: ACUMULADO | F10: FONDO ACUM | H10: PROPORCIÓN | I10: DE LA PROPORCIÓN
B11: HABITANTES | C11: FACTOR 1 | D11: EJ. ANTERIOR | E11: FACTOR 2 | F11: DEL EJERCICIO | G11: FACTOR 3 | H11: INVERSA | I11: INVERSA | J11: FACTOR 4
A12: MUNICIPIO | B12: (FACTOR 1) | C12: 0.4 | D12: (FACTOR 2) | E12: 0.45 | F12: (FACTOR 3) | G12: 0.1275 | H12: DEL SUBTOTAL | I12: (FACTOR 4) | J12: 0.0225 | K12: TOTAL
A13: 01 Canatlán | B13: 1.7163124 | C13: 1040156 | D13: 1.6938706 | E13: 1154875 | F13: 1.704431 | G13: 329255 | H13: 3.9615162e-05 | I13: 1.000496 | J13: 34107 | K13: 2558393
A14: 02 Canelas | B14: 0.23577879 | C14: 142892 | D14: 0.45312247 | E14: 308937 | F14: 0.35084304 | G14: 67774 | H14: 0.00019245462 | I14: 4.8605148 | J14: 165694 | K14: 685297
A15: 03 Coneto de Comonfort | B15: 0.2228467 | C15: 135054 | D15: 0.44694059 | E15: 304723 | F15: 0.34148472 | G15: 65967 | H15: 0.0001977285 | I15: 4.9937085 | J15: 170235 | K15: 675979
A16: 04 Cuencame | B16: 1.9073473 | C16: 1155931 | D16: 1.868589 | E16: 1273998 | F16: 1.8868282 | G16: 364489 | H16: 3.5785627e-05 | I16: 0.90377964 | J16: 30810 | K16: 2825228
A17: 05 Durango | B17: 37.579298 | C17: 22774611 | D17: 35.795478 | E17: 24405235 | F17: 36.634923 | G17: 7076977 | H17: 1.8430862e-06 | I17: 0.046547843 | J17: 1590 | K17: 54258413
A18: 06 Simón Bolivar | B18: 0.54773143 | C18: 331948 | D18: 0.65621404 | E18: 447404 | F18: 0.60516307 | G18: 116903 | H18: 0.00011157539 | I18: 2.8178789 | J18: 96061 | K18: 992316
A19: 07 Gómez Palacio | B19: 20.339399 | C19: 12326518 | D19: 19.343545 | E19: 13188363 | F19: 19.812182 | G19: 3827232 | H19: 3.4080709e-06 | I19: 0.086072127 | J19: 2934 | K19: 29345047
A20: 08 Guadalupe Victoria | B20: 2.0022918 | C20: 1213472 | D20: 1.9511595 | E20: 1330294 | F20: 1.975222 | G20: 381565 | H20: 3.4184166e-05 | I20: 0.86333413 | J20: 29431 | K20: 2954762
A21: 09 Guanaceví | B21: 0.53850981 | C21: 326359 | D21: 0.64893859 | E21: 442444 | F21: 0.59697182 | G21: 115320 | H21: 0.00011310643 | I21: 2.8565461 | J21: 97379 | K21: 981502
A22: 10 Hidalgo | B22: 0.20969634 | C22: 127085 | D22: 0.44082272 | E22: 300551 | F22: 0.33205729 | G22: 64145 | H22: 0.00020334254 | I22: 5.1354934 | J22: 175068 | K22: 666849
A23: 11 Inde | B23: 0.25907838 | C23: 157012 | D23: 0.46477904 | E23: 316885 | F23: 0.36797874 | G23: 71085 | H23: 0.0001834923 | I23: 4.6341679 | J23: 157978 | K23: 702960
A24: 12 Lerdo | B24: 8.9113033 | C24: 5400619 | D24: 8.4921595 | E24: 5789925 | F24: 8.6894035 | G24: 1678582 | H24: 7.7705355e-06 | I24: 0.19624783 | J24: 6690 | K24: 12875816
... A52: SUMAS | B52: 100 | C52: 60604140 | D52: 100 | E52: 68179660 | F52: 100 | G52: 19317571 | H52: 0.0039595522 | I52: 100 | J52: 3408983 | K52: 151510354

Sheet IEPS GASOLINA Y DIESEL pp
B1: GOBIERNO DEL ESTADO DE DURANGO
B2: SECRETARIA DE FINANZAS Y DE ADMINISTRACIÓN
B3: SUBSECRETARÍA DE INGRESOS
B4: FACTORES DE DISTRIBUCIÓN Y CÁLCULO DEL MONTO CORRESPONDIENTE AL IEPS SOBRE VENTA DE DIESEL Y GASOLINA
B5: DE PARTICIPACIONES MUNICIPALES PARA EL EJERCICIO FISCAL DEL AÑO 2025 ESTIMADO
C9: CE1
C10: COEFICIENTE | D10: COEFICIENTE | E10: PARTICIPACIÓN
C11: NÚMERO DE | D11: FONDO ACUMULADO
C12: HABITANTES | D12: DEL EJERCICIO | E12: FACTOR 1 | F12: FACTOR 2
B13: MUNICIPIO | C13: (FACTOR 1) | D13: (FACTOR 2) | E13: 0.7 | F13: 0.3 | G13: TOTAL
B14: CANATLAN | C14: 1.7163124 | D14: 1.6885929 | E14: 889786 | F14: 375178 | G14: 1264964
B15: CANELAS | C15: 0.23577879 | D15: 0.4523106 | E15: 122235 | F15: 100496 | G15: 222731
B16: CONETO DE COMONFORT | C16: 0.2228467 | D16: 0.44615983 | E16: 115530 | F16: 99129 | G16: 214659
B17: CUENCAME | C17: 1.9073473 | D17: 1.8647096 | E17: 988824 | F17: 414308 | G17: 1403132
B18: DURANGO | C18: 37.579298 | D18: 35.811684 | E18: 19482192 | F18: 7956777 | G18: 27438969
B19: SIMON BOLIVAR | C19: 0.54773143 | D19: 0.65494947 | E19: 283960 | F19: 145519 | G19: 429479
B20: GOMEZ PALACIO | C20: 20.339399 | D20: 19.368345 | E20: 10544531 | F20: 4303332 | G20: 14847863
B21: GUADALUPE VICTORIA | C21: 2.0022918 | D21: 1.9502043 | E21: 1038046 | F21: 433304 | G21: 1471350
B22: GUANACEVI | C22: 0.53850981 | D22: 0.64781247 | E22: 279179 | F22: 143933 | G22: 423112
B23: HIDALGO | C23: 0.20969634 | D23: 0.44013457 | E23: 108713 | F23: 97791 | G23: 206504
B24: INDE | C24: 0.25907838 | D24: 0.4639681 | E24: 134314 | F24: 103086 | G24: 237400
B25: LERDO | C25: 8.9113033 | D25: 8.4983076 | E25: 4619877 | F25: 1888186 | G25: 6508063
... B53: SUMAS | C53: 100 | D53: 100 | E53: 51842885 | F53: 22218379 | G53: 74061264

Sheet TENENCIA PP
A1: GOBIERNO DEL ESTADO DE DURANGO
A2: SECRETARIA DE FINANZAS Y DE ADMINISTRACIÓN
A3: SUBSECRETARÍA DE INGRESOS
A4: FACTORES DE DISTRIBUCIÓN Y CÁCULO DEL MONTO CORRESPONDIENTE AL IMPUESTO FEDERAL SOBRE TENENCIA O USO DE VEHÍCULOS (EJERCICIOS ANTERIORES) DE PARTICIPACIONES MUNICIPALES PARA EL EJERCICIO FISCAL DEL AÑO 2025 ESTIMADO
B8: CE1
B9: COEFICIENTE | C9: COEFICIENTE | D9: PARTICIPACIÓN
A10: MUNICIPIO | B10: TENENCIA | C10: EFECTIVO FONDO
B11: RECAUDACIÓN DIC21-NOV22 | C11: ACUMULADO 2023 | D11: FACTOR 1 | E11: FACTOR 2
B12: (FACTOR 1) | C12: (FACTOR 2) | D12: 0.4 | E12: 0.6 | F12: TOTAL
A13: CANATLAN | B13: 0 | C13: 1.6938706 | D13: 0 | E13: 0 | F13: 0
A14: CANELAS | B14: 0 | C14: 0.45312251 | D14: 0 | E14: 0 | F14: 0
A15: CONETO DE COMONFORT | B15: 0 | C15: 0.44694058 | D15: 0 | E15: 0 | F15: 0
A16: CUENCAME | B16: 0 | C16: 1.868589 | D16: 0 | E16: 0 | F16: 0
A17: DURANGO | B17: 0 | C17: 35.795478 | D17: 0 | E17: 0 | F17: 0
A18: SIMON BOLIVAR | B18: 0 | C18: 0.65621403 | D18: 0 | E18: 0 | F18: 0
A19: GOMEZ PALACIO | B19: 0 | C19: 19.343545 | D19: 0 | E19: 0 | F19: 0
A20: GUADALUPE VICTORIA | B20: 0 | C20: 1.9511595 | D20: 0 | E20: 0 | F20: 0
A21: GUANACEVI | B21: 0 | C21: 0.64893861 | D21: 0 | E21: 0 | F21: 0
A22: HIDALGO | B22: 0 | C22: 0.44082271 | D22: 0 | E22: 0 | F22: 0
A23: INDE | B23: 0 | C23: 0.46477896 | D23: 0 | E23: 0 | F23: 0
A24: LERDO | B24: 0 | C24: 8.4921595 | D24: 0 | E24: 0 | F24: 0
... A52: SUMAS | B52: 0 | C52: 100 | D52: 0 | E52: 0 | F52: 0

Sheet FONDO ESTATAL PP
A1: GOBIERNO DEL ESTADO DE DURANGO
A2: SECRETARIA DE FINANZAS Y DE ADMINISTRACIÓN
A3: SUBSECRETARÍA DE INGRESOS
A4: FACTORES DE DISTRIBUCIÓN Y CÁLCULO DEL MONTO CORRESPONDIENTE AL FONDO ESTATAL
A5: DE PARTICIPACIONES MUNICIPALES PARA EL EJERCICIO FISCAL DEL AÑO 2024 ESTIMADO
B8: COEFICIENTE | C8: TOTAL FONDO
A9: MUNICIPIO | B9: PONDERADO | C9: ESTATAL
A10: CANATLAN | B10: 0.79633072 | C10: 226902
A11: CANELAS | B11: 0.045580761 | C11: 12988
A12: CONETO DE COMONFORT | B12: 0.034147375 | C12: 9730
A13: CUENCAME | B13: 0.60203318 | C13: 171540
A14: DURANGO | B14: 70.127901 | C14: 19981885
A15: SIMON BOLIVAR | B15: 0.04764737 | C15: 13576
A16: GOMEZ PALACIO | B16: 12.478387 | C16: 3555527
A17: GUADALUPE VICTORIA | B17: 0.94625715 | C17: 269622
A18: GUANACEVI | B18: 0.10598682 | C18: 30199
A19: HIDALGO | B19: 0.13291096 | C19: 37871
A20: INDE | B20: 0.081787499 | C20: 23304
A21: LERDO | B21: 7.1711242 | C21: 2043303
... A49: SUMAS | B49: 100 | C49: 28493484

Sheet ENAJ BI ART 126 LISR PP
A2: GOBIERNO DEL ESTADO DE DURANGO
A3: SECRETARÍA DE FINANZAS Y DE ADMINISTRACIÓN
A4: GOBIERNO DEL ESTADO DE DURANGO
A5: FACTORES DE DISTRIBUCIÓN Y CÁLCULO DEL MONTO CORRESPONDIENTE AL ISR ENAJENACIÓN DE BIENES INMUEBLES ARTÍCULO 126 LEY DEL IMPUESO SOBRE LA RENTA DE PARTICIPACIONES MUNICIPALES PARA EL EJERCICIO FISCAL DEL AÑO 2025 ESTIMADO
B7: CE1 | C7: A | D7: CE2 | E7: B | F7: CE3 | G7: C | H7: PI | I7: CE4 | J7: D
D8: COEFICIENTE | F8: COEFICIENTE
B9: COEFICIENTE | D9: FONDO | F9: EFECTIVO | I9: COEFICIENTE
B10: NÚMERO DE | D10: ACUMULADO | F10: FONDO ACUM | H10: PROPORCIÓN | I10: DE LA PROPORCIÓN
B11: HABITANTES | C11: FACTOR 1 | D11: EJ. ANTERIOR | E11: FACTOR 2 | F11: DEL EJERCICIO | G11: FACTOR 3 | H11: INVERSA | I11: INVERSA | J11: FACTOR 4
A12: MUNICIPIO | B12: (FACTOR 1) | C12: 0.4 | D12: (FACTOR 2) | E12: 0.45 | F12: (FACTOR 3) | G12: 0.1275 | H12: DEL SUBTOTAL | I12: (FACTOR 4) | J12: 0.0225 | K12: TOTAL
A13: 01 Canatlán | B13: 1.7163124 | C13: 33516 | D13: 1.7163124 | E13: 37212 | F13: 1.7044321 | G13: 10609 | H13: 0.0012294528 | I13: 1.0005025 | J13: 1099 | K13: 82436
A14: 02 Canelas | B14: 0.23577879 | C14: 4604 | D14: 0.23577879 | E14: 9955 | F14: 0.3508487 | G14: 2184 | H14: 0.0059726453 | I14: 4.8604114 | J14: 5339 | K14: 22082
A15: 03 Coneto de Comonfort | B15: 0.2228467 | C15: 4352 | D15: 0.2228467 | E15: 9819 | F15: 0.34149852 | G15: 2126 | H15: 0.0061360987 | I15: 4.9934263 | J15: 5485 | K15: 21782
A16: 04 Cuencame | B16: 1.9073473 | C16: 37246 | D16: 1.9073473 | E16: 41051 | F16: 1.8868329 | G16: 11745 | H16: 0.0011105928 | I16: 0.90377677 | J16: 993 | K16: 91035
A17: 05 Durango | B17: 37.579298 | C17: 733840 | D17: 37.579298 | E17: 786382 | F17: 36.634927 | G17: 228033 | H17: 5.7199894e-05 | I17: 0.046548054 | J17: 51 | K17: 1748306
A18: 06 Simón Bolivar | B18: 0.54773143 | C18: 10696 | D18: 0.54773143 | E18: 14416 | F18: 0.60515918 | G18: 3767 | H18: 0.0034627238 | I18: 2.8178908 | J18: 3095 | K18: 31974
A19: 07 Gómez Palacio | B19: 20.339399 | C19: 397183 | D19: 20.339399 | E19: 424953 | F19: 19.812167 | G19: 123320 | H19: 0.00010576907 | I19: 0.086072613 | J19: 95 | K19: 945551
A20: 08 Guadalupe Victoria | B20: 2.0022918 | C20: 39100 | D20: 2.0022918 | E20: 42865 | F20: 1.9752259 | G20: 12295 | H20: 0.0010608954 | I20: 0.86333405 | J20: 948 | K20: 95208
A21: 09 Guanaceví | B21: 0.53850981 | C21: 10516 | D21: 0.53850981 | E21: 14256 | F21: 0.59696572 | G21: 3716 | H21: 0.0035102499 | I21: 2.8565666 | J21: 3138 | K21: 31626
A22: 10 Hidalgo | B22: 0.20969634 | C22: 4095 | D22: 0.20969634 | E22: 9684 | F22: 0.33205194 | G22: 2067 | H22: 0.0063107409 | I22: 5.1355464 | J22: 5637 | K22: 21483
A23: 11 Inde | B23: 0.25907838 | C23: 5059 | D23: 0.25907838 | E23: 10211 | F23: 0.36798266 | G23: 2291 | H23: 0.0056944365 | I23: 4.634011 | J23: 5090 | K23: 22651
A24: 12 Lerdo | B24: 8.9113033 | C24: 174018 | D24: 8.9113033 | E24: 186562 | F24: 8.6894034 | G24: 54087 | H24: 0.00024115736 | I24: 0.19624872 | J24: 216 | K24: 414883
... A52: SUMAS | B52: 100 | C52: 1952778 | D52: 100 | E52: 2196874 | F52: 100 | G52: 622451 | H52: 0.12288353 | I52: 100 | J52: 109841 | K52: 4881944

Sheet ISR PARTICIPABLE PP
A1: GOBIERNO DEL ESTADO DE DURANGO
A2: SECRETARIA DE FINANZAS Y DE ADMINISTRACIÓN
A3: SUBSECRETARÍA DE INGRESOS
A4: ESTIMACIÓN ISR PARTICIPABLE A MUNICIPIOS
A5: PARA EL EJERCICIO FISCAL DEL AÑO 2025
B8: TOTAL ISR PARTICIPABLE
A9: MUNICIPIO | B9: A MUNICIPIOS
A10: CANATLAN | B10: 3298594
A11: CANELAS | B11: 349118
A12: CONETO DE COMONFORT | B12: 188747
A13: CUENCAME | B13: 2526901
A14: DURANGO | B14: 96673629
A15: SIMON BOLIVAR | B15: 1423309
A16: GOMEZ PALACIO | B16: 195766
A17: GUADALUPE VICTORIA | B17: 81532935
A18: GUANACEVI | B18: 3127889
A19: HIDALGO | B19: 1219920
A20: INDE | B20: 0
A21: LERDO | B21: 0
... A49: SUMAS | B49: 246542685

Sheet  RESUMEN 2
A2: GOBIERNO DEL ESTADO DE DURANGO
A3: SECRETARÍA DE FINANZAS Y DE ADMINISTRACIÓN
A4: SUBSECRETARÍA DE INGRESOS
A5: PORCENTAJES Y MONTOS ESTIMADOS DE PARTICIPACIONES FEDERALES CORRESPONDIENTES A LOS MUNICIPIOS PARA EL EJERCICIO FISCAL 2024
A7: MUNICIPIO | B7: Fondo General de Participaciones | D7: Fondo de Fomento Municipal | F7: IEPS bebidas y tabacos | H7: ISAN | J7: Fondo de Compensación ISAN
B8: Porcentaje | C8: Monto en pesos | D8: Porcentaje | E8: Monto en pesos | F8: Porcentaje | G8: Monto en pesos | H8: Porcentaje | I8: Monto en pesos | J8: Porcentaje | K8: Monto en pesos
A9: 01 Canatlán | B9: =C9/$C$48*100 -> 1.6885929 | C9: ='FONDO GENERAL PUBLICAR'!K13 -> 44574377 | D9: =E9/$E$48*100 -> 1.951345 | E9: ='FFM PARA PUBLICAR'!H11 -> 17865609 | F9: =G9/$G$48*100 -> 1.6885944 | G9: ='IEPS PP'!K13 -> 1013145 | H9: =I9/$I$48*100 -> 1.6885911 | I9: =+'ISAN PP'!K13 -> 666642 | J9: =K9/$K$48*100 -> 1.68862 | K9: =+'FONDO ISAN PP'!K13 -> 90746
A10: 02 Canelas | B10: =C10/$C$48*100 -> 0.4523106 | C10: ='FONDO GENERAL PUBLICAR'!K14 -> 11939801 | D10: =E10/$E$48*100 -> 0.45487268 | E10: ='FFM PARA PUBLICAR'!H12 -> 4164603 | F10: =G10/$G$48*100 -> 0.45231019 | G10: ='IEPS PP'!K14 -> 271383 | H10: =I10/$I$48*100 -> 0.45230924 | I10: =+'ISAN PP'!K14 -> 178568 | J10: =K10/$K$48*100 -> 0.45230959 | K10: =+'FONDO ISAN PP'!K14 -> 24307
A11: 03 Coneto de Comonfort | B11: =C11/$C$48*100 -> 0.44615983 | C11: ='FONDO GENERAL PUBLICAR'!K15 -> 11777437 | D11: =E11/$E$48*100 -> 0.46599196 | E11: ='FFM PARA PUBLICAR'!H13 -> 4266406 | F11: =G11/$G$48*100 -> 0.44616012 | G11: ='IEPS PP'!K15 -> 267693 | H11: =I11/$I$48*100 -> 0.44615916 | I11: =+'ISAN PP'!K15 -> 176140 | J11: =K11/$K$48*100 -> 0.44615028 | K11: =+'FONDO ISAN PP'!K15 -> 23976
A12: 04 Cuencame | B12: =C12/$C$48*100 -> 1.8647096 | C12: ='FONDO GENERAL PUBLICAR'!K16 -> 49223390 | D12: =E12/$E$48*100 -> 2.0650625 | E12: ='FFM PARA PUBLICAR'!H14 -> 18906753 | F12: =G12/$G$48*100 -> 1.8647097 | G12: ='IEPS PP'!K16 -> 1118813 | H12: =I12/$I$48*100 -> 1.8647092 | I12: =+'ISAN PP'!K16 -> 736172 | J12: =K12/$K$48*100 -> 1.8647094 | K12: =+'FONDO ISAN PP'!K16 -> 100209
A13: 05 Durango | B13: =C13/$C$48*100 -> 35.811684 | C13: ='FONDO GENERAL PUBLICAR'!K17 -> 945333534 | D13: =E13/$E$48*100 -> 33.989648 | E13: ='FFM PARA PUBLICAR'!H15 -> 311193432 | F13: =G13/$G$48*100 -> 35.811694 | G13: ='IEPS PP'!K17 -> 21486770 | H13: =I13/$I$48*100 -> 35.811679 | I13: =+'ISAN PP'!K17 -> 14138159 | J13: =K13/$K$48*100 -> 35.811673 | K13: =+'FONDO ISAN PP'!K17 -> 1924510
A14: 06 Simón Bolivar | B14: =C14/$C$48*100 -> 0.65494947 | C14: ='FONDO GENERAL PUBLICAR'!K18 -> 17288930 | D14: =E14/$E$48*100 -> 0.74990872 | E14: ='FFM PARA PUBLICAR'!H16 -> 6865816 | F14: =G14/$G$48*100 -> 0.65495084 | G14: ='IEPS PP'!K18 -> 392966 | H14: =I14/$I$48*100 -> 0.6549502 | I14: =+'ISAN PP'!K18 -> 258569 | J14: =K14/$K$48*100 -> 0.65493432 | K14: =+'FONDO ISAN PP'!K18 -> 35196
A15: 07 Gómez Palacio | B15: =C15/$C$48*100 -> 19.368345 | C15: ='FONDO GENERAL PUBLICAR'!K19 -> 511272965 | D15: =E15/$E$48*100 -> 18.733174 | E15: ='FFM PARA PUBLICAR'!H17 -> 171512243 | F15: =G15/$G$48*100 -> 19.368345 | G15: ='IEPS PP'!K19 -> 11620874 | H15: =I15/$I$48*100 -> 19.368346 | I15: =+'ISAN PP'!K19 -> 7646465 | J15: =K15/$K$48*100 -> 19.368348 | K15: =+'FONDO ISAN PP'!K19 -> 1040850
A16: 08 Guadalupe Victoria | B16: =C16/$C$48*100 -> 1.9502043 | C16: ='FONDO GENERAL PUBLICAR'!K20 -> 51480224 | D16: =E16/$E$48*100 -> 2.0722355 | E16: ='FFM PARA PUBLICAR'!H18 -> 18972426 | F16: =G16/$G$48*100 -> 1.9502057 | G16: ='IEPS PP'!K20 -> 1170110 | H16: =I16/$I$48*100 -> 1.9502049 | I16: =+'ISAN PP'!K20 -> 769925 | J16: =K16/$K$48*100 -> 1.9502141 | K16: =+'FONDO ISAN PP'!K20 -> 104804
A17: 09 Guanaceví | B17: =C17/$C$48*100 -> 0.64781247 | C17: ='FONDO GENERAL PUBLICAR'!K21 -> 17100532 | D17: =E17/$E$48*100 -> 0.73705726 | E17: ='FFM PARA PUBLICAR'!H19 -> 6748154 | F17: =G17/$G$48*100 -> 0.64781243 | G17: ='IEPS PP'!K21 -> 388683 | H17: =I17/$I$48*100 -> 0.64781226 | I17: =+'ISAN PP'!K21 -> 255751 | J17: =K17/$K$48*100 -> 0.64780738 | K17: =+'FONDO ISAN PP'!K21 -> 34813
A18: 10 Hidalgo | B18: =C18/$C$48*100 -> 0.44013457 | C18: ='FONDO GENERAL PUBLICAR'!K22 -> 11618386 | D18: =E18/$E$48*100 -> 0.46067846 | E18: ='FFM PARA PUBLICAR'!H20 -> 4217758 | F18: =G18/$G$48*100 -> 0.44013505 | G18: ='IEPS PP'!K22 -> 264078 | H18: =I18/$I$48*100 -> 0.44013573 | I18: =+'ISAN PP'!K22 -> 173762 | J18: =K18/$K$48*100 -> 0.44013983 | K18: =+'FONDO ISAN PP'!K22 -> 23653
A19: 11 Inde | B19: =C19/$C$48*100 -> 0.4639681 | C19: ='FONDO GENERAL PUBLICAR'!K23 -> 12247528 | D19: =E19/$E$48*100 -> 0.50835311 | E19: ='FFM PARA PUBLICAR'!H21 -> 4654245 | F19: =G19/$G$48*100 -> 0.46396865 | G19: ='IEPS PP'!K23 -> 278378 | H19: =I19/$I$48*100 -> 0.46396854 | I19: =+'ISAN PP'!K23 -> 183171 | J19: =K19/$K$48*100 -> 0.46395833 | K19: =+'FONDO ISAN PP'!K23 -> 24933
A20: 12 Lerdo | B20: =C20/$C$48*100 -> 8.4983076 | C20: ='FONDO GENERAL PUBLICAR'!K24 -> 224332795 | D20: =E20/$E$48*100 -> 7.9968572 | E20: ='FFM PARA PUBLICAR'!H22 -> 73215511 | F20: =G20/$G$48*100 -> 8.4983074 | G20: ='IEPS PP'!K24 -> 5098926 | H20: =I20/$I$48*100 -> 8.4983087 | I20: =+'ISAN PP'!K24 -> 3355063 | J20: =K20/$K$48*100 -> 8.498292 | K20: =+'FONDO ISAN PP'!K24 -> 456696
... A47: 39 Nuevo Ideal | B47: =C47/$C$48*100 -> 1.5093759 | C47: ='FONDO GENERAL PUBLICAR'!K51 -> 39843522 | D47: =E47/$E$48*100 -> 1.6620846 | E47: ='FFM PARA PUBLICAR'!H49 -> 15217275 | F47: =G47/$G$48*100 -> 1.5093756 | G47: ='IEPS PP'!K51 -> 905615 | H47: =I47/$I$48*100 -> 1.5093751 | I47: =+'ISAN PP'!K51 -> 595889 | J47: =K47/$K$48*100 -> 1.5093672 | K47: =+'FONDO ISAN PP'!K51 -> 81113
A48: SUMAS | B48: =SUM(B9:B47) -> 100 | C48: =SUM(C9:C47) -> 2639734930 | D48: =SUM(D9:D47) -> 100 | E48: =SUM(E9:E47) -> 915553561 | F48: =SUM(F9:F47) -> 100 | G48: =SUM(G9:G47) -> 59999312 | H48: =SUM(H9:H47) -> 100 | I48: =SUM(I9:I47) -> 39479185 | ... K48: =SUM(K9:K47) -> 5373974
A50: GOBIERNO DEL ESTADO DE DURANGO
A51: SECRETARÍA DE FINANZAS Y DE ADMINISTRACIÓN
A52: SUBSECRETARÍA DE INGRESOS
A53: PORCENTAJES Y MONTOS ESTIMADOS DE PARTICIPACIONES FEDERALES CORRESPONDIENTES A LOS MUNICIPIOS PARA EL EJERCICIO FISCAL 2024
A55: MUNICIPIO | B55: Tenencia | D55: Fondo de Fiscalización y Recaudación | F55: IEPS Gasolina y Diesel | H55: ISR participable art. 3-B LCF | J55: ISR enaj bienes inm art. 126 LISR | L55: Total
B56: Porcentaje | C56: Monto en pesos | D56: Porcentaje | E56: Monto en pesos | F56: Porcentaje | G56: Monto en pesos | H56: Porcentaje | I56: Monto en pesos | J56: Porcentaje | K56: Monto en pesos | L56: Porcentaje | M56: Monto en pesos
A57: 01 Canatlán | B57: 0 | C57: =+'TENENCIA PP'!F13 -> 0 | D57: =E57/$E$96*100 -> 1.6885928 | E57: =+'FONDO FISCALIZACION PP'!K13 -> 2558393 | F57: =G57/$G$96*100 -> 1.7079968 | G57: =+'IEPS GASOLINA Y DIESEL pp'!G14 -> 1264964 | H57: =I57/$I$96*100 -> 1.3379403 | I57: =+'ISR PARTICIPABLE PP'!B10 -> 3298594 | J57: =K57/$K$96*100 -> 1.6885896 | K57: =+'ENAJ BI ART 126 LISR PP'!K13 -> 82436 | L57: =M57/$M$96*100 -> 1.7261914 | M57: =E9+G9+I9+K9+E57+G57+I57+K57+M9+C9+C57 -> 71414906
A58: 02 Canelas | B58: 0 | C58: =+'TENENCIA PP'!F14 -> 0 | D58: =E58/$E$96*100 -> 0.45231034 | E58: =+'FONDO FISCALIZACION PP'!K14 -> 685297 | F58: =G58/$G$96*100 -> 0.30073886 | G58: =+'IEPS GASOLINA Y DIESEL pp'!G15 -> 222731 | H58: =I58/$I$96*100 -> 0.1416055 | I58: =+'ISR PARTICIPABLE PP'!B11 -> 349118 | J58: =K58/$K$96*100 -> 0.45231981 | K58: =+'ENAJ BI ART 126 LISR PP'!K14 -> 22082 | L58: =M58/$M$96*100 -> 0.43164848 | M58: =E10+G10+I10+K10+E58+G58+I58+K58+M10+C10+C58 -> 17857890
A59: 03 Coneto de Comonfort | B59: 0 | C59: =+'TENENCIA PP'!F15 -> 0 | D59: =E59/$E$96*100 -> 0.44616027 | E59: =+'FONDO FISCALIZACION PP'!K15 -> 675979 | F59: =G59/$G$96*100 -> 0.28983977 | G59: =+'IEPS GASOLINA Y DIESEL pp'!G16 -> 214659 | H59: =I59/$I$96*100 -> 0.076557534 | I59: =+'ISR PARTICIPABLE PP'!B12 -> 188747 | J59: =K59/$K$96*100 -> 0.44617472 | K59: =+'ENAJ BI ART 126 LISR PP'!K15 -> 21782 | L59: =M59/$M$96*100 -> 0.4257248 | M59: =E11+G11+I11+K11+E59+G59+I59+K59+M11+C11+C59 -> 17612819
A60: 04 Cuencame | B60: 0 | C60: =+'TENENCIA PP'!F16 -> 0 | D60: =E60/$E$96*100 -> 1.8647095 | E60: =+'FONDO FISCALIZACION PP'!K16 -> 2825228 | F60: =G60/$G$96*100 -> 1.8945558 | G60: =+'IEPS GASOLINA Y DIESEL pp'!G17 -> 1403132 | H60: =I60/$I$96*100 -> 1.0249345 | I60: =+'ISR PARTICIPABLE PP'!B13 -> 2526901 | J60: =K60/$K$96*100 -> 1.8647285 | K60: =+'ENAJ BI ART 126 LISR PP'!K16 -> 91035 | L60: =M60/$M$96*100 -> 1.8595379 | M60: =E12+G12+I12+K12+E60+G60+I60+K60+M12+C12+C60 -> 76931633
A61: 05 Durango | B61: 0 | C61: =+'TENENCIA PP'!F17 -> 0 | D61: =E61/$E$96*100 -> 35.811687 | E61: =+'FONDO FISCALIZACION PP'!K17 -> 54258413 | F61: =G61/$G$96*100 -> 37.049015 | G61: =+'IEPS GASOLINA Y DIESEL pp'!G18 -> 27438969 | H61: =I61/$I$96*100 -> 39.211721 | I61: =+'ISR PARTICIPABLE PP'!B14 -> 96673629 | J61: =K61/$K$96*100 -> 35.811677 | K61: =+'ENAJ BI ART 126 LISR PP'!K17 -> 1748306 | L61: =M61/$M$96*100 -> 35.633233 | M61: =E13+G13+I13+K13+E61+G61+I61+K61+M13+C13+C61 -> 1474195722
A62: 06 Simón Bolivar | B62: 0 | C62: =+'TENENCIA PP'!F18 -> 0 | D62: =E62/$E$96*100 -> 0.6549493 | E62: =+'FONDO FISCALIZACION PP'!K18 -> 992316 | F62: =G62/$G$96*100 -> 0.57989694 | G62: =+'IEPS GASOLINA Y DIESEL pp'!G19 -> 429479 | H62: =I62/$I$96*100 -> 0.57730733 | I62: =+'ISR PARTICIPABLE PP'!B15 -> 1423309 | J62: =K62/$K$96*100 -> 0.65494401 | K62: =+'ENAJ BI ART 126 LISR PP'!K18 -> 31974 | L62: =M62/$M$96*100 -> 0.66999361 | M62: =E14+G14+I14+K14+E62+G62+I62+K62+M14+C14+C62 -> 27718555
A63: 07 Gómez Palacio | B63: 0 | C63: =+'TENENCIA PP'!F19 -> 0 | D63: =E63/$E$96*100 -> 19.368344 | E63: =+'FONDO FISCALIZACION PP'!K19 -> 29345047 | F63: =G63/$G$96*100 -> 20.048082 | G63: =+'IEPS GASOLINA Y DIESEL pp'!G20 -> 14847863 | H63: =I63/$I$96*100 -> 0.079404506 | I63: =+'ISR PARTICIPABLE PP'!B16 -> 195766 | J63: =K63/$K$96*100 -> 19.36833 | K63: =+'ENAJ BI ART 126 LISR PP'!K19 -> 945551 | L63: =M63/$M$96*100 -> 18.090471 | M63: =E15+G15+I15+K15+E63+G63+I63+K63+M15+C15+C63 -> 748427624
A64: 08 Guadalupe Victoria | B64: 0 | C64: =+'TENENCIA PP'!F20 -> 0 | D64: =E64/$E$96*100 -> 1.9502047 | E64: =+'FONDO FISCALIZACION PP'!K20 -> 2954762 | F64: =G64/$G$96*100 -> 1.9866661 | G64: =+'IEPS GASOLINA Y DIESEL pp'!G21 -> 1471350 | H64: =I64/$I$96*100 -> 33.070515 | I64: =+'ISR PARTICIPABLE PP'!B17 -> 81532935 | J64: =K64/$K$96*100 -> 1.9502067 | K64: =+'ENAJ BI ART 126 LISR PP'!K20 -> 95208 | L64: =M64/$M$96*100 -> 3.8324024 | M64: =E16+G16+I16+K16+E64+G64+I64+K64+M16+C16+C64 -> 158551744
A65: 09 Guanaceví | B65: 0 | C65: =+'TENENCIA PP'!F21 -> 0 | D65: =E65/$E$96*100 -> 0.64781183 | E65: =+'FONDO FISCALIZACION PP'!K21 -> 981502 | F65: =G65/$G$96*100 -> 0.5713 | G65: =+'IEPS GASOLINA Y DIESEL pp'!G22 -> 423112 | H65: =I65/$I$96*100 -> 1.2687008 | I65: =+'ISR PARTICIPABLE PP'!B18 -> 3127889 | J65: =K65/$K$96*100 -> 0.64781571 | K65: =+'ENAJ BI ART 126 LISR PP'!K21 -> 31626 | L65: =M65/$M$96*100 -> 0.70319307 | M65: =E17+G17+I17+K17+E65+G65+I65+K65+M17+C17+C65 -> 29092062
A66: 10 Hidalgo | B66: 0 | C66: =+'TENENCIA PP'!F22 -> 0 | D66: =E66/$E$96*100 -> 0.44013428 | E66: =+'FONDO FISCALIZACION PP'!K22 -> 666849 | F66: =G66/$G$96*100 -> 0.27882862 | G66: =+'IEPS GASOLINA Y DIESEL pp'!G23 -> 206504 | H66: =I66/$I$96*100 -> 0.49481087 | I66: =+'ISR PARTICIPABLE PP'!B19 -> 1219920 | J66: =K66/$K$96*100 -> 0.44005011 | K66: =+'ENAJ BI ART 126 LISR PP'!K22 -> 21483 | L66: =M66/$M$96*100 -> 0.44505154 | M66: =E18+G18+I18+K18+E66+G66+I66+K66+M18+C18+C66 -> 18412393
A67: 11 Inde | B67: 0 | C67: =+'TENENCIA PP'!F23 -> 0 | D67: =E67/$E$96*100 -> 0.46396829 | E67: =+'FONDO FISCALIZACION PP'!K23 -> 702960 | F67: =G67/$G$96*100 -> 0.32054543 | G67: =+'IEPS GASOLINA Y DIESEL pp'!G24 -> 237400 | H67: =I67/$I$96*100 -> 0 | I67: =+'ISR PARTICIPABLE PP'!B20 -> 0 | J67: =K67/$K$96*100 -> 0.46397501 | K67: =+'ENAJ BI ART 126 LISR PP'!K23 -> 22651 | L67: =M67/$M$96*100 -> 0.44357402 | M67: =E19+G19+I19+K19+E67+G67+I67+K67+M19+C19+C67 -> 18351266
A68: 12 Lerdo | B68: 0 | C68: =+'TENENCIA PP'!F24 -> 0 | D68: =E68/$E$96*100 -> 8.4983076 | E68: =+'FONDO FISCALIZACION PP'!K24 -> 12875816 | F68: =G68/$G$96*100 -> 8.7874047 | G68: =+'IEPS GASOLINA Y DIESEL pp'!G25 -> 6508063 | H68: =I68/$I$96*100 -> 0 | I68: =+'ISR PARTICIPABLE PP'!B21 -> 0 | J68: =K68/$K$96*100 -> 8.4983154 | K68: =+'ENAJ BI ART 126 LISR PP'!K24 -> 414883 | L68: =M68/$M$96*100 -> 7.8860752 | M68: =E20+G20+I20+K20+E68+G68+I68+K68+M20+C20+C68 -> 326257753
... A95: 39 Nuevo Ideal | B95: 0 | C95: =+'TENENCIA PP'!F51 -> 0 | D95: =E95/$E$96*100 -> 1.5093761 | E95: =+'FONDO FISCALIZACION PP'!K51 -> 2286861 | F95: =G95/$G$96*100 -> 1.5215768 | G95: =+'IEPS GASOLINA Y DIESEL pp'!G52 -> 1126899 | H95: =I95/$I$96*100 -> 1.467803 | I95: =+'ISR PARTICIPABLE PP'!B48 -> 3618761 | J95: =K95/$K$96*100 -> 1.5093782 | K95: =+'ENAJ BI ART 126 LISR PP'!K51 -> 73687 | L95: =M95/$M$96*100 -> 1.5409115 | M95: =E47+G47+I47+K47+E95+G95+I95+K95+M47+C47+C95 -> 63749622
A96: SUMAS | B96: =SUM(B57:B95) -> 0 | C96: =SUM(C57:C95) -> 0 | D96: =SUM(D57:D95) -> 100 | E96: =SUM(E57:E95) -> 151510354 | F96: =SUM(F57:F95) -> 100 | G96: =SUM(G57:G95) -> 74061264 | H96: =SUM(H57:H95) -> 100 | I96: =SUM(I57:I95) -> 246542685 | ... M96: =SUM(M57:M95) -> 4137137209

Sheet FORTAMUN
B5: GOBIERNO DEL ESTADO DE DURANGO
B6: SECRETARÍA DE FINANZAS Y DE ADMINISTRACIÓN
B7: SUBSECRETARÍA DE INGRESOS
B8: FACTORES DE DISTRIBUCIÓN Y Y CÁLCULO DEL MONTO CORRESPONDIENTE AL FONDO DE
B9: APORTACIÓN PARA EL FORTALECIMIENTO DE LOS MUNICIPIOS PARA EL EJERCICIO FISCAL DEL
B10: AÑO 2013 ESTIMADO
C12: NÚMERO | D12: FACTOR
B13: MUNICIPIO | C13: DE HABITANTES | D13: PROPORCIÓN
C14: INEGI 2010 | D14: NÚMERO DE HABITANTES | E14: IMPORTE
B15: CANATLÁN | C15: 31401 | D15: 1.9229804 | E15: 15034236
B16: CANELAS | C16: 4122 | D16: 0.25242906 | E16: 1973539
B17: CONETO DE COMONFORT | C17: 4530 | D17: 0.27741476 | E17: 2168882
B18: CUENCAMÉ | C18: 33664 | D18: 2.0615653 | E18: 16117717
B19: DURANGO | C19: 582267 | D19: 35.657718 | E19: 278778946
B20: SIMÓN BOLÍVAR | C20: 10629 | D20: 0.65091424 | E20: 5088974
B21: GÓMEZ PALACIO | C21: 327985 | D21: 20.085625 | E21: 157033308
B22: GUADALUPE VICTORIA | C22: 34052 | D22: 2.0853262 | E22: 16303484
B23: GUANACEVÍ | C23: 10149 | D23: 0.6215193 | E23: 4859158
B24: HIDALGO | C24: 4265 | D24: 0.26118631 | E24: 2042005
B25: INDÉ | C25: 5280 | D25: 0.32334436 | E25: 2527969
B26: LERDO | C26: 141043 | D26: 8.6373975 | E26: 67528847
... B54: SUMAS | C54: 1632934 | D54: 100 | E54: 781819373

Sheet FAISM
C4: GOBIERNO DEL ESTADO DE DURANGO
C5: SECRETARÍA DE FINANZAS Y DE ADMINISTRACIÓN
C6: SUBSECRETARÍA DE INGRESOS
C7: FACTORES DE DISTRIBUCIÓN Y CÁLCULO CORRESPONDIENTE AL FONDO DE APORTACIÓN
C8: PARA LA INFRAESTRUCTURA SOCIAL MUNICIPAL
C9: PARA EL EJERCICIO FISCAL DEL AÑO 2013 ESTIMADO
C13: MUNICIPIO | D13: PORCENTAJE DE ASIGNACION | E13: IMPORTE
C15: CANATLÁN | D15: 2.7062157 | E15: 18399389
C16: CANELAS | D16: 0.90910587 | E16: 6180953.1
C17: CONETO DE COMONFORT | D17: 0.68076023 | E17: 4628445.6
C18: CUENCAMÉ | D18: 2.6099901 | E18: 17745157
C19: DURANGO | D19: 16.485343 | E19: 1.120828e+08
C20: SIMÓN BOLÍVAR | D20: 1.4451624 | E20: 9825567.6
C21: GÓMEZ PALACIO | D21: 11.84694 | E21: 80546596
C22: GUADALUPE VICTORIA | D22: 2.645286 | E22: 17985132
C23: GUANACEVÍ | D23: 1.2460057 | E23: 8471513.5
C24: HIDALGO | D24: 0.44276122 | E24: 3010305.5
C25: INDÉ | D25: 0.44575315 | E25: 3030647.4
C26: LERDO | D26: 4.5367648 | E26: 30845176
... C54: SUMAS | D54: 100 | E54: 679893654

Sheet Hoja2
A1: PARTICIPACIÓN | B1: IMPORTE ANUAL
A2: Fondo General | B2: 14165956
A3: Fondo de Fomento Municipal | B3: 6969829
A4: Impuesto Especial sobre Producción y Servicio | B4: 269653
A5: Impuesto sobre Automóviles Nuevos | B5: 62087
A6: Fondo de Compensación de Impuesto sobre Automóviles Nuevos | B6: 38872
A7: Impuesto Federal sobre Tenencia o uso de Vehículos (de ejercicios anteriores) | B7: 17077
A8: Fondo de fiscalización | B8: 734844
A9: IEPS sobre venta de gasolina y diesel | B9: 657953
A10: Fondo Estatal | B10: 121209
A12: TOTAL | B12: =SUM(B2:B10) -> 23037480

Sheet CALCULO COE DE EFECTIVO
B2: Cálculo del coeficiente de efectivo del fondo acumulado para el ejercicio 2025 (Artículo 5 Ley para la Administración y Vigilancia del Sistema de Participaciones y la Colaboración Administrativa en materia Fiscal Estatal)
C4: (1) | D4: (2) | E4: (3) | F4: (4) | G4: (5) | H4: (6) | I4: (7) | J4: (8) | K4: (9) | L4: (10) | M4: (11) | P4: (12) | Q4: (13)
H5: (3+5) | J5: (1) | K5: (8) | M5: CEFA | P5: CEFAc
B6: MUNICIPIO | C6: Pi | D6: Pi/Pt | E6: 0.40*(2) | F6: CEFA(n-1)* | G6: 0.45*(4) | H6: Suma(3+5) | I6: 0.1275*(6) | J6: (3+5+7) | K6: Suma (8) | L6: 0.0225*(9) | M6: (3+5+7+10) | Q6: (12/Suma12)
B7: 01 Canatlán | C7: 31454 | D7: 1.7163124 | E7: 0.68652498 | F7: 1.6938706 | G7: 0.76224178 | H7: 1.7044315 | I7: 0.21731501 | J7: 0.60021064 | K7: 1.000496 | L7: 0.02251116 | M7: 1.6885929 | N7: 1.8839064 | O7: -0.0030552379 | P7: 1.6885929 | Q7: 1.6885929
B8: 02 Canelas | C8: 4321 | D8: 0.23577879 | E8: 0.094311516 | F8: 0.4531225 | G8: 0.20390513 | H8: 0.35084311 | I8: 0.044732496 | J8: 2.9158843 | K8: 4.8605113 | L8: 0.1093615 | M8: 0.45231064 | N8: 1.8839064 | O8: -0.0030552379 | P8: 0.45231064 | Q8: 0.45231064
B9: 03 Coneto de Comonfort | C9: 4084 | D9: 0.2228467 | E9: 0.089138679 | F9: 0.44694058 | G9: 0.20112326 | H9: 0.34148464 | I9: 0.043539291 | J9: 2.9957948 | K9: 4.9937148 | L9: 0.11235858 | M9: 0.44615982 | N9: 1.8839064 | O9: -0.0030552379 | P9: 0.44615982 | Q9: 0.44615982
B10: 04 Cuencame | C10: 34955 | D10: 1.9073473 | E10: 0.76293891 | F10: 1.868589 | G10: 0.84086503 | H10: 1.8868282 | I10: 0.24057059 | J10: 0.54218922 | K10: 0.90377964 | L10: 0.020335042 | M10: 1.8647096 | N10: 1.8839064 | O10: -0.0030552379 | P10: 1.8647096 | Q10: 1.8647096
B11: 05 Durango | C11: 688697 | D11: 37.579298 | E11: 15.031719 | F11: 35.795478 | G11: 16.107965 | H11: 36.634922 | I11: 4.6709526 | J11: 0.027924664 | K11: 0.04654785 | L11: 0.0010473266 | M11: 35.811684 | N11: 1.8839064 | O11: -0.0030552379 | P11: 35.811684 | Q11: 35.811684
B12: 06 Simón Bolivar | C12: 10038 | D12: 0.54773143 | E12: 0.21909257 | F12: 0.65621401 | G12: 0.2952963 | H12: 0.60516338 | I12: 0.077158331 | J12: 1.6904822 | K12: 2.8178785 | L12: 0.063402266 | M12: 0.65494947 | N12: 1.8839064 | O12: -0.0030552379 | P12: 0.65494947 | Q12: 0.65494947
B13: 07 Gómez Palacio | C13: 372750 | D13: 20.339399 | E13: 8.1357597 | F13: 19.343545 | G13: 8.7045953 | H13: 19.812182 | I13: 2.5260533 | J13: 0.051635801 | K13: 0.086072137 | L13: 0.0019366231 | M13: 19.368345 | N13: 1.8839064 | O13: -0.0030552379 | P13: 19.368345 | Q13: 19.368345
B14: 08 Guadalupe Victoria | C14: 36695 | D14: 2.0022918 | E14: 0.80091671 | F14: 1.9511595 | G14: 0.87802178 | H14: 1.9752218 | I14: 0.25184077 | J14: 0.5179256 | K14: 0.8633344 | L14: 0.019425024 | M14: 1.9502043 | N14: 1.8839064 | O14: -0.0030552379 | P14: 1.9502043 | Q14: 1.9502043
B15: 09 Guanaceví | C15: 9869 | D15: 0.53850981 | E15: 0.21540392 | F15: 0.64893866 | G15: 0.2920224 | H15: 0.59697214 | I15: 0.076113948 | J15: 1.7136778 | K15: 2.8565435 | L15: 0.064272229 | M15: 0.6478125 | N15: 1.8839064 | O15: -0.0030552379 | P15: 0.6478125 | Q15: 0.6478125
B16: 10 Hidalgo | C16: 3843 | D16: 0.20969634 | E16: 0.083878537 | F16: 0.44082268 | G16: 0.19837021 | H16: 0.33205734 | I16: 0.042337311 | J16: 3.0808471 | K16: 5.1354891 | L16: 0.11554851 | M16: 0.44013456 | N16: 1.8839064 | O16: -0.0030552379 | P16: 0.44013456 | Q16: 0.44013456
B17: 11 Inde | C17: 4748 | D17: 0.25907838 | E17: 0.10363135 | F17: 0.46477902 | G17: 0.20915056 | H17: 0.36797872 | I17: 0.046917287 | J17: 2.7801007 | K17: 4.6341726 | L17: 0.10426888 | M17: 0.46396808 | N17: 1.8839064 | O17: -0.0030552379 | P17: 0.46396808 | Q17: 0.46396808
B18: 12 Lerdo | C18: 163313 | D18: 8.9113033 | E18: 3.5645213 | F18: 8.4921594 | G18: 3.8214717 | H18: 8.6894036 | I18: 1.107899 | J18: 0.11773166 | K18: 0.19624786 | L18: 0.0044155769 | M18: 8.4983076 | N18: 1.8839064 | O18: -0.0030552379 | P18: 8.4983076 | Q18: 8.4983076
... B45: 39 Nuevo Ideal | C45: 27981 | D45: 1.5268054 | E45: 0.61072218 | F45: 1.5106742 | G45: 0.67980337 | H45: 1.5182654 | I45: 0.19357883 | J45: 0.67380705 | K45: 1.1231745 | L45: 0.025271426 | M45: 1.5093758 | N45: 1.8839064 | O45: -0.0030552379 | P45: 1.5093758 | Q45: 1.5093758
B46: SUMAS | C46: 1832650 | D46: 100 | E46: 40 | F46: 100 | G46: 45 | H46: 100 | I46: 12.75 | J46: 59.991308 | K46: 100 | L46: 2.25 | M46: 100 | N46: 100 | P46: 100 | Q46: 100
B48: CEFA(n-1)= Coeficiente de efectivo del fondo acumulado del ejercicio anterior por el que se efectúa el cálculo
B49: Pi= Número de habitantes del Municipio "i" (Conteo poblacional INEGI 2020)
B50: Pt= Número de habitantes del Estado
B51: CEFA= Coeficiente de efectivo del fondo acumulado del ejercicio por el que se efectúa el cálculo
B52: CEFA= Coeficiente de efectivo del fondo acumulado del ejercicio por el que se efectúa el cálculo de municipios que celebren convenio del Impuesto Predial
B53: CEFA icn= Coeficiente de efectivo del fondo acumulado que corresponde al Municipio ic qie haya celebrado convenio con el estado en el ejercicio el el que se efectúa el cálculo

Sheet VENTA FINAL BA
A3: GOBIERNO DEL ESTADO DE DURANGO
A4: SECRETARIA DE FINANZAS Y DE ADMINISTRACIÓN
A5: SUBSECRETARÍA DE INGRESOS
A6: FACTORES DE DISTRIBUCIÓN Y CÁLCULO DEL MONTO CORRESPONDIENTE AL IMPUESTO A LA VENTA FINAL DE BEBIDAS ALCOHÓLICAS
A7: DE PARTICIPACIONES MUNICIPALES PARA EL EJERCICIO FISCAL DEL AÑO 2024 ESTIMADO
B11: CE1
B12: COEFICIENTE | C12: COEFICIENTE | D12: PARTICIPACIÓN
B13: NÚMERO DE | C13: FONDO ACUMULADO
B14: HABITANTES | C14: DEL EJERCICIO | D14: FACTOR 1 | E14: FACTOR 2
A15: MUNICIPIO | B15: (FACTOR 1) | C15: (FACTOR 2) | D15: 0.7 | E15: 0.3 | F15: TOTAL
A16: CANATLAN | B16: 1.7163124 | C16: 1.6938706 | D16: 20041 | E16: 8477 | F16: 28518
A17: CANELAS | B17: 0.23577879 | C17: 0.45312251 | D17: 2753 | E17: 2268 | F17: 5021
A18: CONETO DE COMONFORT | B18: 0.2228467 | C18: 0.44694058 | D18: 2602 | E18: 2237 | F18: 4839
A19: CUENCAME | B19: 1.9073473 | C19: 1.868589 | D19: 22272 | E19: 9351 | F19: 31623
A20: DURANGO | B20: 37.579298 | C20: 35.795478 | D20: 438815 | E20: 179136 | F20: 617951
A21: SIMON BOLIVAR | B21: 0.54773143 | C21: 0.65621403 | D21: 6396 | E21: 3284 | F21: 9680
A22: GOMEZ PALACIO | B22: 20.339399 | C22: 19.343545 | D22: 237504 | E22: 96804 | F22: 334308
A23: GUADALUPE VICTORIA | B23: 2.0022918 | C23: 1.9511595 | D23: 23381 | E23: 9764 | F23: 33145
A24: GUANACEVI | B24: 0.53850981 | C24: 0.64893861 | D24: 6288 | E24: 3248 | F24: 9536
A25: HIDALGO | B25: 0.20969634 | C25: 0.44082271 | D25: 2449 | E25: 2206 | F25: 4655
A26: INDE | B26: 0.25907838 | C26: 0.46477896 | D26: 3025 | E26: 2326 | F26: 5351
A27: LERDO | B27: 8.9113033 | C27: 8.4921595 | D27: 104058 | E27: 42499 | F27: 146557
... A55: SUMAS | B55: 100 | C55: 100 | D55: 1167701 | E55: 500446 | F55: 1668147

Sheet CALENDARIO
A1: MES | B1: IEPS sobre Venta de Diésel y Gasolina e ISR Participable a Municipios | C1: Resto de Participaciones a Municipios | D1: Resto de Participaciones a Municipios | E1: Resto de Participaciones a Municipios
A2: Enero | B2: Cinco días hábiles siguientes a aquel en que el Estado reciba el recurso de la Federación | C2: 04 de Febrero de 2025 | D2: 01 de Febrero de 2024 | E2: 31 de Enero de 2024
A3: Febrero | C3: 04 de Marzo de 2025 | D3: 04 de Marzo de 2024 | E3: 29 de Febrero de 2024
A4: Marzo | C4: 01 de Abril de 2025 | D4: 01 de Abril de 2024 | E4: 29 de Marzo de 2024
A5: Abril | C5: 02 de Mayo de 2025 | D5: 02 de Mayo de 2024 | E5: 30 de Abril de 2024
A6: Mayo | C6: 02 de Junio de 2025 | D6: 03 de Junio de 2024 | E6: 31 de Mayo de 2024
A7: Junio | C7: 02 de Julio de 2025 | D7: 01 de Julio de 2024 | E7: 28 de Junio de 2024
A8: Julio | C8: 01 de Agosto de 2025 | D8: 01 de Agosto de 2024 | E8: 31 de Julio de 2024
A9: Agosto | C9: 01 de Septiembre de 2025 | D9: 02 de Septiembre de 2024 | E9: 30 de Agosto de 2024
A10: Septiembre | C10: 02 de Octubre de 2025 | D10: 02 de Octubre de 2024 | E10: 30 de Septiembre de 2024
A11: Octubre | C11: 03 de Noviembre de 2025 | D11: 01 de Noviembre de 2024 | E11: 31 de Octubre de 2024
A12: Noviembre | C12: 02 de Diciembre de 2025 | D12: 02 de Diciembre de 2024 | E12: 29 de Noviembre de 2024
A13: Diciembre | C13: 31 de Diciembre de 2025 | D13: 31 de Diciembre de 2024 | E13: 31 de Diciembre de 2024
